Workbook

Sheet SND
A1: Référence | B1: Client | C1: Eff Date | D1: Montant | E1: Montant appliqué | F1: Montant ouvert
A2: FS111008 | B2: 1a01008 | C2: 44551 | D2: 671.16 | E2: 0 | F2: 671.16 | G2: 10 | H2: F | I2: A | J2: D | K2: =CONCATENATE(G:G,H:H,I:I,J:J) -> 10FAD | M2: =VLOOKUP(B:B,CLIENTS!A:C,3,FALSE) -> CH000 | N2: =RIGHT(M:M,3) -> 000 | O2: =C2+N2+30 -> 44581
A3: FS111009 | B3: 1a01008 | C3: 44551 | D3: 1978.97 | E3: 0 | F3: 1978.97 | G3: 10 | H3: F | I3: A | J3: D | K3: =CONCATENATE(G:G,H:H,I:I,J:J) -> 10FAD | M3: =VLOOKUP(B:B,CLIENTS!A:C,3,FALSE) -> CH000 | N3: =RIGHT(M:M,3) -> 000 | O3: =C3+N3+30 -> 44581
A4: FS200241 | B4: 1A01026 | C4: 44575 | D4: 448.031 | E4: 0 | F4: 448.031 | G4: 10 | H4: F | I4: A | J4: M | K4: =CONCATENATE(G:G,H:H,I:I,J:J) -> 10FAM | M4: =VLOOKUP(B:B,CLIENTS!A:C,3,FALSE) -> VR090 | N4: =RIGHT(M:M,3) -> 090 | O4: =C4+N4+30 -> 44695
A5: FS110082 | B5: 1a01032 | C5: 44525 | D5: 4971.82 | E5: 4698.788 | F5: 273.032 | G5: 10 | H5: F | I5: A | J5: C | K5: =CONCATENATE(G:G,H:H,I:I,J:J) -> 10FAC | M5: =VLOOKUP(B:B,CLIENTS!A:C,3,FALSE) -> VR060 | N5: =RIGHT(M:M,3) -> 060 | O5: =C5+N5+30 -> 44615
A6: FS111119 | B6: 1A01034 | C6: 44554 | D6: 1713.6 | E6: 0 | F6: 1713.6 | G6: 10 | H6: F | I6: A | J6: D | K6: =CONCATENATE(G:G,H:H,I:I,J:J) -> 10FAD | M6: =VLOOKUP(B:B,CLIENTS!A:C,3,FALSE) -> VR045 | N6: =RIGHT(M:M,3) -> 045 | O6: =C6+N6+30 -> 44629
A7: FS105593 | B7: 1A03002 | C7: 44404 | D7: 188448.4 | E7: 0 | F7: 188448.4 | G7: 10 | H7: F | I7: A | J7: K | K7: =CONCATENATE(G:G,H:H,I:I,J:J) -> 10FAK | M7: =VLOOKUP(B:B,CLIENTS!A:C,3,FALSE) -> VR090 | N7: =RIGHT(M:M,3) -> 090 | O7: =C7+N7+30 -> 44524
A8: F4211528 | B8: 1A03002 | C8: 44476 | D8: 10607.66 | E8: 10025.13 | F8: 582.53 | G8: 10 | H8: F | I8: A | J8: H | K8: =CONCATENATE(G:G,H:H,I:I,J:J) -> 10FAH | M8: =VLOOKUP(B:B,CLIENTS!A:C,3,FALSE) -> VR090 | N8: =RIGHT(M:M,3) -> 090 | O8: =C8+N8+30 -> 44596
A9: F3211961 | B9: 1A03002 | C9: 44518 | D9: 3379.6 | E9: 3210.904 | F9: 168.696 | G9: 10 | H9: F | I9: A | J9: C | K9: =CONCATENATE(G:G,H:H,I:I,J:J) -> 10FAC | M9: =VLOOKUP(B:B,CLIENTS!A:C,3,FALSE) -> VR090 | N9: =RIGHT(M:M,3) -> 090 | O9: =C9+N9+30 -> 44638
A10: FS104813 | B10: 1A03004 | C10: 44377 | D10: 178926.02 | E10: 0 | F10: 178926.02 | G10: 10 | H10: F | I10: A | J10: Q | K10: =CONCATENATE(G:G,H:H,I:I,J:J) -> 10FAQ | M10: =VLOOKUP(B:B,CLIENTS!A:C,3,FALSE) -> VR090 | N10: =RIGHT(M:M,3) -> 090 | O10: =C10+N10+30 -> 44497
A11: FS105614 | B11: 1A03004 | C11: 44405 | D11: 27812.68 | E11: 0 | F11: 27812.68 | G11: 10 | H11: F | I11: A | J11: K | K11: =CONCATENATE(G:G,H:H,I:I,J:J) -> 10FAK | M11: =VLOOKUP(B:B,CLIENTS!A:C,3,FALSE) -> VR090 | N11: =RIGHT(M:M,3) -> 090 | O11: =C11+N11+30 -> 44525
A12: FS105640 | B12: 1A03008 | C12: 44406 | D12: 25644.5 | E12: 0 | F12: 25644.5 | G12: 10 | H12: F | I12: A | J12: K | K12: =CONCATENATE(G:G,H:H,I:I,J:J) -> 10FAK | M12: =VLOOKUP(B:B,CLIENTS!A:C,3,FALSE) -> VR090 | N12: =RIGHT(M:M,3) -> 090 | O12: =C12+N12+30 -> 44526
A13: FS111250 | B13: 1A03011 | C13: 44559 | D13: 1487.5 | E13: 0 | F13: 1487.5 | G13: 10 | H13: F | I13: A | J13: D | K13: =CONCATENATE(G:G,H:H,I:I,J:J) -> 10FAD | M13: =VLOOKUP(B:B,CLIENTS!A:C,3,FALSE) -> VR045 | N13: =RIGHT(M:M,3) -> 045 | O13: =C13+N13+30 -> 44634
... A332: FS200790 | B332: 1R01132 | C332: 44592 | D332: 510.789 | E332: 0 | F332: 510.789 | G332: 10 | H332: F | I332: R | J332: M | K332: =CONCATENATE(G:G,H:H,I:I,J:J) -> 10FRM | M332: =VLOOKUP(B:B,CLIENTS!A:C,3,FALSE) -> CH090 | N332: =RIGHT(M:M,3) -> 090 | O332: =C332+N332+30 -> 44712
A333: 16120879 | B333: 1R01161 | C333: 42520 | D333: -398 | E333: -397.954 | F333: -0.046 | G333: 10 | H333: F | I333: R | J333: U | K333: =CONCATENATE(G:G,H:H,I:I,J:J) -> 10FRU | M333: =VLOOKUP(B:B,CLIENTS!A:C,3,FALSE) -> CH090 | N333: =RIGHT(M:M,3) -> 090 | O333: =C333+N333+30 -> 42640
A334: FS200811 | B334: 1R01161 | C334: 44592 | D334: 527.019 | E334: 0 | F334: 527.019 | G334: 10 | H334: F | I334: R | J334: M | K334: =CONCATENATE(G:G,H:H,I:I,J:J) -> 10FRM | M334: =VLOOKUP(B:B,CLIENTS!A:C,3,FALSE) -> CH090 | N334: =RIGHT(M:M,3) -> 090 | O334: =C334+N334+30 -> 44712
A335: FS200740 | B335: 1R01195 | C335: 44592 | D335: 3451.859 | E335: 0 | F335: 3451.859 | G335: 10 | H335: F | I335: R | J335: M | K335: =CONCATENATE(G:G,H:H,I:I,J:J) -> 10FRM | M335: =VLOOKUP(B:B,CLIENTS!A:C,3,FALSE) -> TR060 | N335: =RIGHT(M:M,3) -> 060 | O335: =C335+N335+30 -> 44682
A336: FS200797 | B336: 1R01445 | C336: 44592 | D336: 6440.586 | E336: 0 | F336: 6440.586 | G336: 10 | H336: F | I336: R | J336: M | K336: =CONCATENATE(G:G,H:H,I:I,J:J) -> 10FRM | M336: =VLOOKUP(B:B,CLIENTS!A:C,3,FALSE) -> CH090 | N336: =RIGHT(M:M,3) -> 090 | O336: =C336+N336+30 -> 44712
A337: FS200857 | B337: 1R01455 | C337: 44592 | D337: 443.971 | E337: 0 | F337: 443.971 | G337: 10 | H337: F | I337: R | J337: M | K337: =CONCATENATE(G:G,H:H,I:I,J:J) -> 10FRM | M337: =VLOOKUP(B:B,CLIENTS!A:C,3,FALSE) -> CH045 | N337: =RIGHT(M:M,3) -> 045 | O337: =C337+N337+30 -> 44667
A338: FS200738 | B338: 1R01456 | C338: 44592 | D338: 928.855 | E338: 0 | F338: 928.855 | G338: 10 | H338: F | I338: R | J338: M | K338: =CONCATENATE(G:G,H:H,I:I,J:J) -> 10FRM | M338: =VLOOKUP(B:B,CLIENTS!A:C,3,FALSE) -> CH060 | N338: =RIGHT(M:M,3) -> 060 | O338: =C338+N338+30 -> 44682
A339: FS200820 | B339: 1R01457 | C339: 44592 | D339: 1390.705 | E339: 0 | F339: 1390.705 | G339: 10 | H339: F | I339: R | J339: M | K339: =CONCATENATE(G:G,H:H,I:I,J:J) -> 10FRM | M339: =VLOOKUP(B:B,CLIENTS!A:C,3,FALSE) -> TR090 | N339: =RIGHT(M:M,3) -> 090 | O339: =C339+N339+30 -> 44712
A340: FS200789 | B340: 1R01460 | C340: 44592 | D340: 633.209 | E340: 0 | F340: 633.209 | G340: 10 | H340: F | I340: R | J340: M | K340: =CONCATENATE(G:G,H:H,I:I,J:J) -> 10FRM | M340: =VLOOKUP(B:B,CLIENTS!A:C,3,FALSE) -> TR090 | N340: =RIGHT(M:M,3) -> 090 | O340: =C340+N340+30 -> 44712
A341: FS111471 | B341: 1r01465 | C341: 44561 | D341: 846.262 | E341: 0 | F341: 846.262 | G341: 10 | H341: F | I341: R | J341: D | K341: =CONCATENATE(G:G,H:H,I:I,J:J) -> 10FRD | M341: =VLOOKUP(B:B,CLIENTS!A:C,3,FALSE) -> TR090 | N341: =RIGHT(M:M,3) -> 090 | O341: =C341+N341+30 -> 44681
A342: FS200802 | B342: 1R01465 | C342: 44592 | D342: 1336.677 | E342: 0 | F342: 1336.677 | G342: 10 | H342: F | I342: R | J342: M | K342: =CONCATENATE(G:G,H:H,I:I,J:J) -> 10FRM | M342: =VLOOKUP(B:B,CLIENTS!A:C,3,FALSE) -> TR090 | N342: =RIGHT(M:M,3) -> 090 | O342: =C342+N342+30 -> 44712
A343: FS200808 | B343: 1R01470 | C343: 44592 | D343: 2000.98 | E343: 0 | F343: 2000.98 | G343: 10 | H343: F | I343: R | J343: M | K343: =CONCATENATE(G:G,H:H,I:I,J:J) -> 10FRM | M343: =VLOOKUP(B:B,CLIENTS!A:C,3,FALSE) -> CH060 | N343: =RIGHT(M:M,3) -> 060 | O343: =C343+N343+30 -> 44682
A344: FS105829 | B344: 1R01473 | C344: 44407 | D344: 3096.475 | E344: 300 | F344: 2796.475 | G344: 10 | H344: F | I344: R | J344: K | K344: =CONCATENATE(G:G,H:H,I:I,J:J) -> 10FRK | M344: =VLOOKUP(B:B,CLIENTS!A:C,3,FALSE) -> CH090 | N344: =RIGHT(M:M,3) -> 090 | O344: =C344+N344+30 -> 44527
A345: FS107032 | B345: 1R01473 | C345: 44439 | D345: 3738.033 | E345: 0 | F345: 3738.033 | G345: 10 | H345: F | I345: R | J345: K | K345: =CONCATENATE(G:G,H:H,I:I,J:J) -> 10FRK | M345: =VLOOKUP(B:B,CLIENTS!A:C,3,FALSE) -> CH090 | N345: =RIGHT(M:M,3) -> 090 | O345: =C345+N345+30 -> 44559
A346: FS111305 | B346: 1R01476 | C346: 44561 | D346: 28163.999 | E346: 8000 | F346: 20163.999 | G346: 10 | H346: F | I346: R | J346: D | K346: =CONCATENATE(G:G,H:H,I:I,J:J) -> 10FRD | M346: =VLOOKUP(B:B,CLIENTS!A:C,3,FALSE) -> ES | N346: 0 | O346: =C346+N346+30 -> 44591
A347: IMT22014 | B347: 1R01480 | C347: 44582 | D347: 2800 | E347: 0 | F347: 2800 | G347: 10 | H347: I | I347: R | J347: M | K347: =CONCATENATE(G:G,H:H,I:I,J:J) -> 10IRM | M347: =VLOOKUP(B:B,CLIENTS!A:C,3,FALSE) -> TR120 | N347: =RIGHT(M:M,3) -> 120 | O347: =C347+N347+30 -> 44732
A348: FS200812 | B348: 1R01480 | C348: 44592 | D348: 4199.935 | E348: 0 | F348: 4199.935 | G348: 10 | H348: F | I348: R | J348: M | K348: =CONCATENATE(G:G,H:H,I:I,J:J) -> 10FRM | M348: =VLOOKUP(B:B,CLIENTS!A:C,3,FALSE) -> TR120 | N348: =RIGHT(M:M,3) -> 120 | O348: =C348+N348+30 -> 44742
A349: FS200794 | B349: 1R01481 | C349: 44592 | D349: 3611.763 | E349: 0 | F349: 3611.763 | G349: 10 | H349: F | I349: R | J349: M | K349: =CONCATENATE(G:G,H:H,I:I,J:J) -> 10FRM | M349: =VLOOKUP(B:B,CLIENTS!A:C,3,FALSE) -> TR090 | N349: =RIGHT(M:M,3) -> 090 | O349: =C349+N349+30 -> 44712
A350: FS200807 | B350: 1R01492 | C350: 44592 | D350: 438.206 | E350: 0 | F350: 438.206 | G350: 10 | H350: F | I350: R | J350: M | K350: =CONCATENATE(G:G,H:H,I:I,J:J) -> 10FRM | M350: =VLOOKUP(B:B,CLIENTS!A:C,3,FALSE) -> CH060 | N350: =RIGHT(M:M,3) -> 060 | O350: =C350+N350+30 -> 44682
A351: FS200860 | B351: 1R01498 | C351: 44592 | D351: 139.55 | E351: 0 | F351: 139.55 | G351: 10 | H351: F | I351: R | J351: M | K351: =CONCATENATE(G:G,H:H,I:I,J:J) -> 10FRM | M351: =VLOOKUP(B:B,CLIENTS!A:C,3,FALSE) -> CH060 | N351: =RIGHT(M:M,3) -> 060 | O351: =C351+N351+30 -> 44682
A352: 20127788 | B352: 1R01510 | C352: 44054 | D352: -2920.219 | E352: -2915.181 | F352: -5.038 | G352: 10 | H352: F | I352: R | J352: Z | K352: =CONCATENATE(G:G,H:H,I:I,J:J) -> 10FRZ | M352: =VLOOKUP(B:B,CLIENTS!A:C,3,FALSE) -> TR090 | N352: =RIGHT(M:M,3) -> 090 | O352: =C352+N352+30 -> 44174
A353: FS111464 | B353: 1R01512 | C353: 44561 | D353: 167.557 | E353: 0 | F353: 167.557 | G353: 10 | H353: F | I353: R | J353: D | K353: =CONCATENATE(G:G,H:H,I:I,J:J) -> 10FRD | M353: =VLOOKUP(B:B,CLIENTS!A:C,3,FALSE) -> CH030 | N353: =RIGHT(M:M,3) -> 030 | O353: =C353+N353+30 -> 44621
A354: FS200716 | B354: 1R01517 | C354: 44592 | D354: 3613.9 | E354: 0 | F354: 3613.9 | G354: 10 | H354: F | I354: R | J354: M | K354: =CONCATENATE(G:G,H:H,I:I,J:J) -> 10FRM | M354: =VLOOKUP(B:B,CLIENTS!A:C,3,FALSE) -> CH090 | N354: =RIGHT(M:M,3) -> 090 | O354: =C354+N354+30 -> 44712
A355: FS111366 | B355: 1R01518 | C355: 44561 | D355: 1835.663 | E355: 0 | F355: 1835.663 | G355: 10 | H355: F | I355: R | J355: D | K355: =CONCATENATE(G:G,H:H,I:I,J:J) -> 10FRD | M355: =VLOOKUP(B:B,CLIENTS!A:C,3,FALSE) -> CH090 | N355: =RIGHT(M:M,3) -> 090 | O355: =C355+N355+30 -> 44681
A356: FS200674 | B356: 1R01518 | C356: 44592 | D356: 1568.864 | E356: 0 | F356: 1568.864 | G356: 10 | H356: F | I356: R | J356: M | K356: =CONCATENATE(G:G,H:H,I:I,J:J) -> 10FRM | M356: =VLOOKUP(B:B,CLIENTS!A:C,3,FALSE) -> CH090 | N356: =RIGHT(M:M,3) -> 090 | O356: =C356+N356+30 -> 44712
A357: FS200800 | B357: 1R01527 | C357: 44592 | D357: 11041.143 | E357: 0 | F357: 11041.143 | G357: 10 | H357: F | I357: R | J357: M | K357: =CONCATENATE(G:G,H:H,I:I,J:J) -> 10FRM | M357: =VLOOKUP(B:B,CLIENTS!A:C,3,FALSE) -> ES | N357: 0 | O357: =C357+N357+30 -> 44622
A358: FS110883 | B358: 1R01534 | C358: 44545 | D358: 116.923 | E358: 0 | F358: 116.923 | G358: 10 | H358: F | I358: R | J358: D | K358: =CONCATENATE(G:G,H:H,I:I,J:J) -> 10FRD | M358: =VLOOKUP(B:B,CLIENTS!A:C,3,FALSE) -> TR120 | N358: =RIGHT(M:M,3) -> 120 | O358: =C358+N358+30 -> 44695
A359: FS111438 | B359: 1R01534 | C359: 44561 | D359: 1509.64 | E359: 0 | F359: 1509.64 | G359: 10 | H359: F | I359: R | J359: D | K359: =CONCATENATE(G:G,H:H,I:I,J:J) -> 10FRD | M359: =VLOOKUP(B:B,CLIENTS!A:C,3,FALSE) -> TR120 | N359: =RIGHT(M:M,3) -> 120 | O359: =C359+N359+30 -> 44711
A360: FS200762 | B360: 1R01534 | C360: 44592 | D360: 1515.841 | E360: 0 | F360: 1515.841 | G360: 10 | H360: F | I360: R | J360: M | K360: =CONCATENATE(G:G,H:H,I:I,J:J) -> 10FRM | M360: =VLOOKUP(B:B,CLIENTS!A:C,3,FALSE) -> TR120 | N360: =RIGHT(M:M,3) -> 120 | O360: =C360+N360+30 -> 44742
A361: FS200827 | B361: 1R01540 | C361: 44592 | D361: 4569.223 | E361: 0 | F361: 4569.223 | G361: 10 | H361: F | I361: R | J361: M | K361: =CONCATENATE(G:G,H:H,I:I,J:J) -> 10FRM | M361: =VLOOKUP(B:B,CLIENTS!A:C,3,FALSE) -> TR090 | N361: =RIGHT(M:M,3) -> 090 | O361: =C361+N361+30 -> 44712
A362: 1r01543 17125005 | B362: 1r01543 | C362: 43091 | D362: -231.19 | E362: -219.656 | F362: -11.534 | G362: 10 | H362: F | I362: R | J362: J | K362: =CONCATENATE(G:G,H:H,I:I,J:J) -> 10FRJ | M362: =VLOOKUP(B:B,CLIENTS!A:C,3,FALSE) -> CH060 | N362: =RIGHT(M:M,3) -> 060 | O362: =C362+N362+30 -> 43181
A363: FS111451 | B363: 1R01548 | C363: 44561 | D363: 2305.303 | E363: 2282.25 | F363: 23.053 | G363: 10 | H363: F | I363: R | J363: D | K363: =CONCATENATE(G:G,H:H,I:I,J:J) -> 10FRD | M363: =VLOOKUP(B:B,CLIENTS!A:C,3,FALSE) -> CH090 | N363: =RIGHT(M:M,3) -> 090 | O363: =C363+N363+30 -> 44681
A364: 1R01551 20008523 | B364: 1R01551 | C364: 44162 | D364: 0 | E364: 23.008 | F364: -23.008 | G364: 10 | H364: F | I364: R | J364: Z | K364: =CONCATENATE(G:G,H:H,I:I,J:J) -> 10FRZ | M364: =VLOOKUP(B:B,CLIENTS!A:C,3,FALSE) -> CH120 | N364: =RIGHT(M:M,3) -> 120 | O364: =C364+N364+30 -> 44312
A365: 1R01551 21124117 | B365: 1R01551 | C365: 44285 | D365: -6200 | E365: -5511.78 | F365: -688.22 | G365: 10 | H365: F | I365: R | J365: Q | K365: =CONCATENATE(G:G,H:H,I:I,J:J) -> 10FRQ | M365: =VLOOKUP(B:B,CLIENTS!A:C,3,FALSE) -> CH120 | N365: =RIGHT(M:M,3) -> 120 | O365: =C365+N365+30 -> 44435
A366: FS200479 | B366: 1R01551 | C366: 44585 | D366: 119.249 | E366: 0 | F366: 119.249 | G366: 10 | H366: F | I366: R | J366: M | K366: =CONCATENATE(G:G,H:H,I:I,J:J) -> 10FRM | M366: =VLOOKUP(B:B,CLIENTS!A:C,3,FALSE) -> CH120 | N366: =RIGHT(M:M,3) -> 120 | O366: =C366+N366+30 -> 44735
A367: FS200481 | B367: 1R01551 | C367: 44585 | D367: 119.249 | E367: 0 | F367: 119.249 | G367: 10 | H367: F | I367: R | J367: M | K367: =CONCATENATE(G:G,H:H,I:I,J:J) -> 10FRM | M367: =VLOOKUP(B:B,CLIENTS!A:C,3,FALSE) -> CH120 | N367: =RIGHT(M:M,3) -> 120 | O367: =C367+N367+30 -> 44735
A368: FS200482 | B368: 1R01551 | C368: 44585 | D368: 109.235 | E368: 0 | F368: 109.235 | G368: 10 | H368: F | I368: R | J368: M | K368: =CONCATENATE(G:G,H:H,I:I,J:J) -> 10FRM | M368: =VLOOKUP(B:B,CLIENTS!A:C,3,FALSE) -> CH120 | N368: =RIGHT(M:M,3) -> 120 | O368: =C368+N368+30 -> 44735
A369: FS200483 | B369: 1R01551 | C369: 44585 | D369: 104.683 | E369: 0 | F369: 104.683 | G369: 10 | H369: F | I369: R | J369: M | K369: =CONCATENATE(G:G,H:H,I:I,J:J) -> 10FRM | M369: =VLOOKUP(B:B,CLIENTS!A:C,3,FALSE) -> CH120 | N369: =RIGHT(M:M,3) -> 120 | O369: =C369+N369+30 -> 44735
... A373: FS111371 | B373: 1R01556 | C373: 44561 | D373: 3561.984 | E373: 500 | F373: 3061.984 | G373: 10 | H373: F | I373: R | J373: D | K373: =CONCATENATE(G:G,H:H,I:I,J:J) -> 10FRD | M373: =VLOOKUP(B:B,CLIENTS!A:C,3,FALSE) -> CH120 | N373: =RIGHT(M:M,3) -> 120 | O373: =C373+N373+30 -> 44711
A374: 19126110 | B374: 1R01558 | C374: 43512 | D374: -1178.582 | E374: -1160.903 | F374: -17.679 | G374: 10 | H374: F | I374: R | J374: A | K374: =CONCATENATE(G:G,H:H,I:I,J:J) -> 10FRA | M374: =VLOOKUP(B:B,CLIENTS!A:C,3,FALSE) -> TR090 | N374: =RIGHT(M:M,3) -> 090 | O374: =C374+N374+30 -> 43632
A375: 21127499 | B375: 1R01558 | C375: 44279 | D375: -634.811 | E375: -624.811 | F375: -10 | G375: 10 | H375: F | I375: R | J375: Q | K375: =CONCATENATE(G:G,H:H,I:I,J:J) -> 10FRQ | M375: =VLOOKUP(B:B,CLIENTS!A:C,3,FALSE) -> TR090 | N375: =RIGHT(M:M,3) -> 090 | O375: =C375+N375+30 -> 44399
A376: FS200732 | B376: 1R01558 | C376: 44592 | D376: 374.209 | E376: 0 | F376: 374.209 | G376: 10 | H376: F | I376: R | J376: M | K376: =CONCATENATE(G:G,H:H,I:I,J:J) -> 10FRM | M376: =VLOOKUP(B:B,CLIENTS!A:C,3,FALSE) -> TR090 | N376: =RIGHT(M:M,3) -> 090 | O376: =C376+N376+30 -> 44712
A377: FS200858 | B377: 1R01562 | C377: 44592 | D377: 895.203 | E377: 0 | F377: 895.203 | G377: 10 | H377: F | I377: R | J377: M | K377: =CONCATENATE(G:G,H:H,I:I,J:J) -> 10FRM | M377: =VLOOKUP(B:B,CLIENTS!A:C,3,FALSE) -> CH060 | N377: =RIGHT(M:M,3) -> 060 | O377: =C377+N377+30 -> 44682
A378: FS200793 | B378: 1R01564 | C378: 44592 | D378: 3682.412 | E378: 0 | F378: 3682.412 | G378: 10 | H378: F | I378: R | J378: M | K378: =CONCATENATE(G:G,H:H,I:I,J:J) -> 10FRM | M378: =VLOOKUP(B:B,CLIENTS!A:C,3,FALSE) -> TR090 | N378: =RIGHT(M:M,3) -> 090 | O378: =C378+N378+30 -> 44712
A379: 1R01573 20125569 | B379: 1R01573 | C379: 44134 | D379: -306.726 | E379: -300.013 | F379: -6.713 | G379: 10 | H379: F | I379: R | J379: Z | K379: =CONCATENATE(G:G,H:H,I:I,J:J) -> 10FRZ | M379: =VLOOKUP(B:B,CLIENTS!A:C,3,FALSE) -> CH090 | N379: =RIGHT(M:M,3) -> 090 | O379: =C379+N379+30 -> 44254
A380: FS111362 | B380: 1R01573 | C380: 44561 | D380: 877.106 | E380: 0 | F380: 877.106 | G380: 10 | H380: F | I380: R | J380: D | K380: =CONCATENATE(G:G,H:H,I:I,J:J) -> 10FRD | M380: =VLOOKUP(B:B,CLIENTS!A:C,3,FALSE) -> CH090 | N380: =RIGHT(M:M,3) -> 090 | O380: =C380+N380+30 -> 44681
A381: 1R01575 21124369 | B381: 1R01575 | C381: 44334 | D381: -1431.951 | E381: -1413.951 | F381: -18 | G381: 10 | H381: F | I381: R | J381: Q | K381: =CONCATENATE(G:G,H:H,I:I,J:J) -> 10FRQ | M381: =VLOOKUP(B:B,CLIENTS!A:C,3,FALSE) -> CH090 | N381: =RIGHT(M:M,3) -> 090 | O381: =C381+N381+30 -> 44454
A382: 1R01575 21125571 | B382: 1R01575 | C382: 44484 | D382: -1662.637 | E382: -1632.637 | F382: -30 | G382: 10 | H382: F | I382: R | J382: H | K382: =CONCATENATE(G:G,H:H,I:I,J:J) -> 10FRH | M382: =VLOOKUP(B:B,CLIENTS!A:C,3,FALSE) -> CH090 | N382: =RIGHT(M:M,3) -> 090 | O382: =C382+N382+30 -> 44604
A383: 1R01580 21125240 | B383: 1R01580 | C383: 44452 | D383: -7776.974 | E383: -7056.974 | F383: -720 | G383: 10 | H383: F | I383: R | J383: K | K383: =CONCATENATE(G:G,H:H,I:I,J:J) -> 10FRK | M383: =VLOOKUP(B:B,CLIENTS!A:C,3,FALSE) -> CH060 | N383: =RIGHT(M:M,3) -> 060 | O383: =C383+N383+30 -> 44542
A384: FS108106 | B384: 1R01580 | C384: 44469 | D384: 51645.242 | E384: 40395.242 | F384: 11250 | G384: 10 | H384: F | I384: R | J384: K | K384: =CONCATENATE(G:G,H:H,I:I,J:J) -> 10FRK | M384: =VLOOKUP(B:B,CLIENTS!A:C,3,FALSE) -> CH060 | N384: =RIGHT(M:M,3) -> 060 | O384: =C384+N384+30 -> 44559
A385: 1R01580 22004182 | B385: 1R01580 | C385: 44585 | D385: -11500 | E385: 0 | F385: -11500 | G385: 10 | H385: F | I385: R | J385: M | K385: =CONCATENATE(G:G,H:H,I:I,J:J) -> 10FRM | M385: =VLOOKUP(B:B,CLIENTS!A:C,3,FALSE) -> CH060 | N385: =RIGHT(M:M,3) -> 060 | O385: =C385+N385+30 -> 44675
A386: FS200573 | B386: 1R01580 | C386: 44588 | D386: 125.237 | E386: 0 | F386: 125.237 | G386: 10 | H386: F | I386: R | J386: M | K386: =CONCATENATE(G:G,H:H,I:I,J:J) -> 10FRM | M386: =VLOOKUP(B:B,CLIENTS!A:C,3,FALSE) -> CH060 | N386: =RIGHT(M:M,3) -> 060 | O386: =C386+N386+30 -> 44678
A387: FS200575 | B387: 1R01580 | C387: 44588 | D387: 105.724 | E387: 0 | F387: 105.724 | G387: 10 | H387: F | I387: R | J387: M | K387: =CONCATENATE(G:G,H:H,I:I,J:J) -> 10FRM | M387: =VLOOKUP(B:B,CLIENTS!A:C,3,FALSE) -> CH060 | N387: =RIGHT(M:M,3) -> 060 | O387: =C387+N387+30 -> 44678
... A408: FS200739 | B408: 1R01609 | C408: 44592 | D408: 220.807 | E408: 0 | F408: 220.807 | G408: 10 | H408: F | I408: R | J408: M | K408: =CONCATENATE(G:G,H:H,I:I,J:J) -> 10FRM | M408: =VLOOKUP(B:B,CLIENTS!A:C,3,FALSE) -> CH060 | N408: =RIGHT(M:M,3) -> 060 | O408: =C408+N408+30 -> 44682
A409: FS200116 | B409: 1R01610 | C409: 44571 | D409: 228.34 | E409: 0 | F409: 228.34 | G409: 10 | H409: F | I409: R | J409: M | K409: =CONCATENATE(G:G,H:H,I:I,J:J) -> 10FRM | M409: =VLOOKUP(B:B,CLIENTS!A:C,3,FALSE) -> #N/A | N409: =RIGHT(M:M,3) -> #N/A | O409: =C409+N409 -> #N/A
A410: FS200768 | B410: 1R01610 | C410: 44592 | D410: 9178.02 | E410: 0 | F410: 9178.02 | G410: 10 | H410: F | I410: R | J410: M | K410: =CONCATENATE(G:G,H:H,I:I,J:J) -> 10FRM | M410: =VLOOKUP(B:B,CLIENTS!A:C,3,FALSE) -> #N/A | N410: =RIGHT(M:M,3) -> #N/A | O410: =C410+N410 -> #N/A
A411: FS111479 | B411: 1R02009 | C411: 44561 | D411: 311.571 | E411: 0 | F411: 311.571 | G411: 10 | H411: F | I411: R | J411: D | K411: =CONCATENATE(G:G,H:H,I:I,J:J) -> 10FRD | M411: =VLOOKUP(B:B,CLIENTS!A:C,3,FALSE) -> TR090 | N411: =RIGHT(M:M,3) -> 090 | O411: =C411+N411+30 -> 44681
A412: IMT22007 | B412: 1R02009 | C412: 44578 | D412: 899.241 | E412: 0 | F412: 899.241 | G412: 10 | H412: I | I412: R | J412: M | K412: =CONCATENATE(G:G,H:H,I:I,J:J) -> 10IRM | M412: =VLOOKUP(B:B,CLIENTS!A:C,3,FALSE) -> TR090 | N412: =RIGHT(M:M,3) -> 090 | O412: =C412+N412+30 -> 44698
A413: FS200730 | B413: 1R02009 | C413: 44592 | D413: 1236.842 | E413: 0 | F413: 1236.842 | G413: 10 | H413: F | I413: R | J413: M | K413: =CONCATENATE(G:G,H:H,I:I,J:J) -> 10FRM | M413: =VLOOKUP(B:B,CLIENTS!A:C,3,FALSE) -> TR090 | N413: =RIGHT(M:M,3) -> 090 | O413: =C413+N413+30 -> 44712
A414: 1R02031 20123596 | B414: 1R02031 | C414: 43852 | D414: -822.771 | E414: -592.771 | F414: -230 | G414: 10 | H414: F | I414: R | J414: Z | K414: =CONCATENATE(G:G,H:H,I:I,J:J) -> 10FRZ | M414: =VLOOKUP(B:B,CLIENTS!A:C,3,FALSE) -> CH090 | N414: =RIGHT(M:M,3) -> 090 | O414: =C414+N414+30 -> 43972
A415: FS200830 | B415: 1R02031 | C415: 44592 | D415: 1907.161 | E415: 0 | F415: 1907.161 | G415: 10 | H415: F | I415: R | J415: M | K415: =CONCATENATE(G:G,H:H,I:I,J:J) -> 10FRM | M415: =VLOOKUP(B:B,CLIENTS!A:C,3,FALSE) -> CH090 | N415: =RIGHT(M:M,3) -> 090 | O415: =C415+N415+30 -> 44712
A416: FS111339 | B416: 1R02038 | C416: 44561 | D416: 1609.868 | E416: 0 | F416: 1609.868 | G416: 10 | H416: F | I416: R | J416: D | K416: =CONCATENATE(G:G,H:H,I:I,J:J) -> 10FRD | M416: =VLOOKUP(B:B,CLIENTS!A:C,3,FALSE) -> TR090 | N416: =RIGHT(M:M,3) -> 090 | O416: =C416+N416+30 -> 44681
A417: FS200722 | B417: 1R02038 | C417: 44592 | D417: 315.4 | E417: 0 | F417: 315.4 | G417: 10 | H417: F | I417: R | J417: M | K417: =CONCATENATE(G:G,H:H,I:I,J:J) -> 10FRM | M417: =VLOOKUP(B:B,CLIENTS!A:C,3,FALSE) -> TR090 | N417: =RIGHT(M:M,3) -> 090 | O417: =C417+N417+30 -> 44712
A418: 1R02049 21125227 | B418: 1R02049 | C418: 44450 | D418: -1205.837 | E418: -1169.416 | F418: -36.421 | G418: 10 | H418: F | I418: R | J418: K | K418: =CONCATENATE(G:G,H:H,I:I,J:J) -> 10FRK | M418: =VLOOKUP(B:B,CLIENTS!A:C,3,FALSE) -> CH060 | N418: =RIGHT(M:M,3) -> 060 | O418: =C418+N418+30 -> 44540
A419: FS200668 | B419: 1R02049 | C419: 44592 | D419: 885.198 | E419: 0 | F419: 885.198 | G419: 10 | H419: F | I419: R | J419: M | K419: =CONCATENATE(G:G,H:H,I:I,J:J) -> 10FRM | M419: =VLOOKUP(B:B,CLIENTS!A:C,3,FALSE) -> CH060 | N419: =RIGHT(M:M,3) -> 060 | O419: =C419+N419+30 -> 44682
A420: IMT22002 | B420: 1R02053 | C420: 44571 | D420: 1566.254 | E420: 0 | F420: 1566.254 | G420: 10 | H420: I | I420: R | J420: M | K420: =CONCATENATE(G:G,H:H,I:I,J:J) -> 10IRM | M420: =VLOOKUP(B:B,CLIENTS!A:C,3,FALSE) -> TR120 | N420: =RIGHT(M:M,3) -> 120 | O420: =C420+N420+30 -> 44721
A421: FS111301 | B421: 1R02078 | C421: 44561 | D421: 1146.926 | E421: 1135.456 | F421: 11.47 | G421: 10 | H421: F | I421: R | J421: D | K421: =CONCATENATE(G:G,H:H,I:I,J:J) -> 10FRD | M421: =VLOOKUP(B:B,CLIENTS!A:C,3,FALSE) -> TR060 | N421: =RIGHT(M:M,3) -> 060 | O421: =C421+N421+30 -> 44651
A422: FS200731 | B422: 1R02078 | C422: 44592 | D422: 491.25 | E422: 0 | F422: 491.25 | G422: 10 | H422: F | I422: R | J422: M | K422: =CONCATENATE(G:G,H:H,I:I,J:J) -> 10FRM | M422: =VLOOKUP(B:B,CLIENTS!A:C,3,FALSE) -> TR060 | N422: =RIGHT(M:M,3) -> 060 | O422: =C422+N422+30 -> 44682
... A433: FS200837 | B433: 1R02150 | C433: 44592 | D433: 1457.917 | E433: 0 | F433: 1457.917 | G433: 10 | H433: F | I433: R | J433: M | K433: =CONCATENATE(G:G,H:H,I:I,J:J) -> 10FRM | M433: =VLOOKUP(B:B,CLIENTS!A:C,3,FALSE) -> CH060 | N433: =RIGHT(M:M,3) -> 060 | O433: =C433+N433+30 -> 44682
A434: 18126603 | B434: 1R02173 | C434: 43311 | D434: -2423.822 | E434: -2323.823 | F434: -99.999 | G434: 10 | H434: F | I434: R | J434: F | K434: =CONCATENATE(G:G,H:H,I:I,J:J) -> 10FRF | M434: =VLOOKUP(B:B,CLIENTS!A:C,3,FALSE) -> TR120 | N434: =RIGHT(M:M,3) -> 120 | O434: =C434+N434+30 -> 43461
A435: FS200729 | B435: 1R02173 | C435: 44592 | D435: 1810.122 | E435: 0 | F435: 1810.122 | G435: 10 | H435: F | I435: R | J435: M | K435: =CONCATENATE(G:G,H:H,I:I,J:J) -> 10FRM | M435: =VLOOKUP(B:B,CLIENTS!A:C,3,FALSE) -> TR120 | N435: =RIGHT(M:M,3) -> 120 | O435: =C435+N435+30 -> 44742
A436: FS111466 | B436: 1R02174 | C436: 44561 | D436: 1086.445 | E436: 10.864 | F436: 1075.581 | G436: 10 | H436: F | I436: R | J436: D | K436: =CONCATENATE(G:G,H:H,I:I,J:J) -> 10FRD | M436: =VLOOKUP(B:B,CLIENTS!A:C,3,FALSE) -> CH090 | N436: =RIGHT(M:M,3) -> 090 | O436: =C436+N436+30 -> 44681
A437: FS200715 | B437: 1R02174 | C437: 44592 | D437: 1146.793 | E437: 0 | F437: 1146.793 | G437: 10 | H437: F | I437: R | J437: M | K437: =CONCATENATE(G:G,H:H,I:I,J:J) -> 10FRM | M437: =VLOOKUP(B:B,CLIENTS!A:C,3,FALSE) -> CH090 | N437: =RIGHT(M:M,3) -> 090 | O437: =C437+N437+30 -> 44712
A438: FS200744 | B438: 1R02176 | C438: 44592 | D438: 4253.701 | E438: 0 | F438: 4253.701 | G438: 10 | H438: F | I438: R | J438: M | K438: =CONCATENATE(G:G,H:H,I:I,J:J) -> 10FRM | M438: =VLOOKUP(B:B,CLIENTS!A:C,3,FALSE) -> CH120 | N438: =RIGHT(M:M,3) -> 120 | O438: =C438+N438+30 -> 44742
A439: FS200719 | B439: 1R02191 | C439: 44592 | D439: 710.916 | E439: 0 | F439: 710.916 | G439: 10 | H439: F | I439: R | J439: M | K439: =CONCATENATE(G:G,H:H,I:I,J:J) -> 10FRM | M439: =VLOOKUP(B:B,CLIENTS!A:C,3,FALSE) -> CH060 | N439: =RIGHT(M:M,3) -> 060 | O439: =C439+N439+30 -> 44682
A440: FS200720 | B440: 1R02192 | C440: 44592 | D440: 8240.178 | E440: 0 | F440: 8240.178 | G440: 10 | H440: F | I440: R | J440: M | K440: =CONCATENATE(G:G,H:H,I:I,J:J) -> 10FRM | M440: =VLOOKUP(B:B,CLIENTS!A:C,3,FALSE) -> TR090 | N440: =RIGHT(M:M,3) -> 090 | O440: =C440+N440+30 -> 44712
A441: FS200669 | B441: 1R02193 | C441: 44592 | D441: 4623.565 | E441: 0 | F441: 4623.565 | G441: 10 | H441: F | I441: R | J441: M | K441: =CONCATENATE(G:G,H:H,I:I,J:J) -> 10FRM | M441: =VLOOKUP(B:B,CLIENTS!A:C,3,FALSE) -> CH090 | N441: =RIGHT(M:M,3) -> 090 | O441: =C441+N441+30 -> 44712
A442: FS111465 | B442: 1R02196 | C442: 44561 | D442: 1471.382 | E442: 0 | F442: 1471.382 | G442: 10 | H442: F | I442: R | J442: D | K442: =CONCATENATE(G:G,H:H,I:I,J:J) -> 10FRD | M442: =VLOOKUP(B:B,CLIENTS!A:C,3,FALSE) -> TR090 | N442: =RIGHT(M:M,3) -> 090 | O442: =C442+N442+30 -> 44681
A443: FS200733 | B443: 1R02196 | C443: 44592 | D443: 942.274 | E443: 0 | F443: 942.274 | G443: 10 | H443: F | I443: R | J443: M | K443: =CONCATENATE(G:G,H:H,I:I,J:J) -> 10FRM | M443: =VLOOKUP(B:B,CLIENTS!A:C,3,FALSE) -> TR090 | N443: =RIGHT(M:M,3) -> 090 | O443: =C443+N443+30 -> 44712
A444: FS111345 | B444: 1R02199 | C444: 44561 | D444: 21522.696 | E444: 0 | F444: 21522.696 | G444: 10 | H444: F | I444: R | J444: D | K444: =CONCATENATE(G:G,H:H,I:I,J:J) -> 10FRD | M444: =VLOOKUP(B:B,CLIENTS!A:C,3,FALSE) -> CH120 | N444: =RIGHT(M:M,3) -> 120 | O444: =C444+N444+30 -> 44711
A445: FS200714 | B445: 1R02199 | C445: 44592 | D445: 24375.986 | E445: 0 | F445: 24375.986 | G445: 10 | H445: F | I445: R | J445: M | K445: =CONCATENATE(G:G,H:H,I:I,J:J) -> 10FRM | M445: =VLOOKUP(B:B,CLIENTS!A:C,3,FALSE) -> CH120 | N445: =RIGHT(M:M,3) -> 120 | O445: =C445+N445+30 -> 44742
A446: FS200736 | B446: 1R02202 | C446: 44592 | D446: 319.04 | E446: 0 | F446: 319.04 | G446: 10 | H446: F | I446: R | J446: M | K446: =CONCATENATE(G:G,H:H,I:I,J:J) -> 10FRM | M446: =VLOOKUP(B:B,CLIENTS!A:C,3,FALSE) -> ES | N446: 0 | O446: =C446+N446+30 -> 44622
A447: FS200766 | B447: 1R02205 | C447: 44592 | D447: 682.089 | E447: 0 | F447: 682.089 | G447: 10 | H447: F | I447: R | J447: M | K447: =CONCATENATE(G:G,H:H,I:I,J:J) -> 10FRM | M447: =VLOOKUP(B:B,CLIENTS!A:C,3,FALSE) -> TR060 | N447: =RIGHT(M:M,3) -> 060 | O447: =C447+N447+30 -> 44682
A448: FS111346 | B448: 1R02208 | C448: 44561 | D448: 13605.68 | E448: 182.041 | F448: 13423.639 | G448: 10 | H448: F | I448: R | J448: D | K448: =CONCATENATE(G:G,H:H,I:I,J:J) -> 10FRD | M448: =VLOOKUP(B:B,CLIENTS!A:C,3,FALSE) -> CH060 | N448: =RIGHT(M:M,3) -> 060 | O448: =C448+N448+30 -> 44651
A449: FS200721 | B449: 1R02208 | C449: 44592 | D449: 5584.757 | E449: 0 | F449: 5584.757 | G449: 10 | H449: F | I449: R | J449: M | K449: =CONCATENATE(G:G,H:H,I:I,J:J) -> 10FRM | M449: =VLOOKUP(B:B,CLIENTS!A:C,3,FALSE) -> CH060 | N449: =RIGHT(M:M,3) -> 060 | O449: =C449+N449+30 -> 44682
A450: F1909943 | B450: 1r02209 | C450: 43799 | D450: 160.001 | E450: 0 | F450: 160.001 | G450: 10 | H450: F | I450: R | J450: A | K450: =CONCATENATE(G:G,H:H,I:I,J:J) -> 10FRA | M450: =VLOOKUP(B:B,CLIENTS!A:C,3,FALSE) -> CH060 | N450: =RIGHT(M:M,3) -> 060 | O450: =C450+N450+30 -> 43889
A451: FS200742 | B451: 1R02211 | C451: 44592 | D451: 384.587 | E451: 0 | F451: 384.587 | G451: 10 | H451: F | I451: R | J451: M | K451: =CONCATENATE(G:G,H:H,I:I,J:J) -> 10FRM | M451: =VLOOKUP(B:B,CLIENTS!A:C,3,FALSE) -> CH090 | N451: =RIGHT(M:M,3) -> 090 | O451: =C451+N451+30 -> 44712
...

Sheet Feuil1
A2: MEGRINE | B2: <2013 | C2: 2013 | D2: 2014 | E2: 2015 | F2: 2016 | G2: 2017 | H2: 2018 | I2: 2019 | J2: 2020 | K2: 1 SEM 21 | L2: 3 TRI 21 | M2: 44470 | N2: 44501 | O2: 44531 | P2: 44562 | R2: MEGRINE | S2: <2013 | T2: 2013 | U2: 2014 | V2: 2015 | W2: 2016 | X2: 2017 | Y2: 2018 | Z2: 2019 | AA2: 2020 | AB2: 1 SEM 21 | AC2: 3 TRI 21 | AD2: 44470 | AE2: 44501 | AF2: 44531 | AG2: 44562 | AH2: TOTAL
A3: REVENDEURS | B3: 10FRY | C3: 10FRX | D3: 10FRV | E3: 10FRW | F3: 10FRU | G3: 10FRJ | H3: 10FRF | I3: 10FRA | J3: 10FRZ | K3: 10FRQ | L3: 10FRK | M3: 10FRH | N3: 10FRC | O3: 10FRD | P3: 10FRM | R3: REVENDEURS | S3: =SUMIF(SND!K:K,Feuil1!B3,SND!F:F) -> 99.381 | T3: =SUMIF(SND!K:K,Feuil1!C3,SND!F:F) -> -3.577 | U3: =SUMIF(SND!K:K,Feuil1!D3,SND!F:F) -> -2.537 | V3: =SUMIF(SND!K:K,Feuil1!E3,SND!F:F) -> 0 | W3: =SUMIF(SND!K:K,Feuil1!F3,SND!F:F) -> -194.628 | X3: =SUMIF(SND!K:K,Feuil1!G3,SND!F:F) -> -11.534 | Y3: =SUMIF(SND!K:K,Feuil1!H3,SND!F:F) -> -438.546 | Z3: =SUMIF(SND!K:K,Feuil1!I3,SND!F:F) -> -23.677 | ... AG3: =SUMIF(SND!K:K,Feuil1!P3,SND!F:F) -> 804348.22 | AH3: =SUM(S3:AG3) -> 1085513.9
A4: SOCIETES | B4: 10FSY | C4: 10FSX | D4: 10FSV | E4: 10FSW | F4: 10FSU | G4: 10FSJ | H4: 10FSF | I4: 10FSA | J4: 10FSZ | K4: 10FSQ | L4: 10FSK | M4: 10FSH | N4: 10FSC | O4: 10FSD | P4: 10FSM | R4: SOCIETES | S4: =SUMIF(SND!K:K,Feuil1!B4,SND!F:F) -> 2823.089 | T4: =SUMIF(SND!K:K,Feuil1!C4,SND!F:F) -> -17.832 | U4: =SUMIF(SND!K:K,Feuil1!D4,SND!F:F) -> 343.624 | V4: =SUMIF(SND!K:K,Feuil1!E4,SND!F:F) -> -58.625 | W4: =SUMIF(SND!K:K,Feuil1!F4,SND!F:F) -> 166.296 | X4: =SUMIF(SND!K:K,Feuil1!G4,SND!F:F) -> -12.627 | Y4: =SUMIF(SND!K:K,Feuil1!H4,SND!F:F) -> 0 | Z4: =SUMIF(SND!K:K,Feuil1!I4,SND!F:F) -> -655.948 | ... AG4: =SUMIF(SND!K:K,Feuil1!P4,SND!F:F) -> 299418.04 | AH4: =SUM(S4:AG4) -> 1141591.2
A5: ADMINISTRATIONS | B5: 10FAY | C5: 10FAX | D5: 10FAV | E5: 10FAW | F5: 10FAU | G5: 10FAJ | H5: 10FAF | I5: 10FAA | J5: 10FAZ | K5: 10FAQ | L5: 10FAK | M5: 10FAH | N5: 10FAC | O5: 10FAD | P5: 10FAM | R5: ADMINISTRATIONS | S5: =SUMIF(SND!K:K,Feuil1!B5,SND!F:F) -> 0 | T5: =SUMIF(SND!K:K,Feuil1!C5,SND!F:F) -> 0 | U5: =SUMIF(SND!K:K,Feuil1!D5,SND!F:F) -> 0 | V5: =SUMIF(SND!K:K,Feuil1!E5,SND!F:F) -> 0 | W5: =SUMIF(SND!K:K,Feuil1!F5,SND!F:F) -> 108.48 | X5: =SUMIF(SND!K:K,Feuil1!G5,SND!F:F) -> 0 | Y5: =SUMIF(SND!K:K,Feuil1!H5,SND!F:F) -> 0 | Z5: =SUMIF(SND!K:K,Feuil1!I5,SND!F:F) -> 0 | ... AG5: =SUMIF(SND!K:K,Feuil1!P5,SND!F:F) -> 567198.01 | AH5: =SUM(S5:AG5) -> 1227876.4
A6: PARTICULIERS | B6: 10FXY | C6: 10FXX | D6: 10FXV | E6: 10FXW | F6: 10FXU | G6: 10FXJ | H6: 10FXF | I6: 10FXA | J6: 10FXZ | K6: 10FXQ | L6: 10FXK | M6: 10FXH | N6: 10FXC | O6: 10FXD | P6: 10FXM | R6: PARTICULIERS | S6: =SUMIF(SND!K:K,Feuil1!B6,SND!F:F) -> 435.827 | T6: =SUMIF(SND!K:K,Feuil1!C6,SND!F:F) -> 0 | U6: =SUMIF(SND!K:K,Feuil1!D6,SND!F:F) -> 4619.462 | V6: =SUMIF(SND!K:K,Feuil1!E6,SND!F:F) -> -3433.568 | W6: =SUMIF(SND!K:K,Feuil1!F6,SND!F:F) -> 0 | X6: =SUMIF(SND!K:K,Feuil1!G6,SND!F:F) -> 0 | Y6: =SUMIF(SND!K:K,Feuil1!H6,SND!F:F) -> 0 | Z6: =SUMIF(SND!K:K,Feuil1!I6,SND!F:F) -> 0 | ... AG6: =SUMIF(SND!K:K,Feuil1!P6,SND!F:F) -> 0 | AH6: =SUM(S6:AG6) -> 2113.791
A7: TOTAL CREANCES | B7: =SUM(B3:B6) -> 0 | C7: =SUM(C3:C6) -> 0 | D7: =SUM(D3:D6) -> 0 | E7: =SUM(E3:E6) -> 0 | F7: =SUM(F3:F6) -> 0 | G7: =SUM(G3:G6) -> 0 | H7: =SUM(H3:H6) -> 0 | I7: =SUM(I3:I6) -> 0 | ... P7: =SUM(P3:P6) -> 0 | R7: TOTAL CREANCES | S7: =SUM(S3:S6) -> 3358.297 | T7: =SUM(T3:T6) -> -21.409 | U7: =SUM(U3:U6) -> 4960.549 | V7: =SUM(V3:V6) -> -3492.193 | W7: =SUM(W3:W6) -> 80.148 | X7: =SUM(X3:X6) -> -24.161 | Y7: =SUM(Y3:Y6) -> -438.546 | Z7: =SUM(Z3:Z6) -> -679.625 | ... AG7: =SUM(AG3:AG6) -> 1670964.3 | AH7: =SUM(S7:AG7) -> 3457095.3
A8: IMPAYES | B8: 10IXY | C8: 10IXX | D8: 10IXV | E8: 10IRW | F8: 10IRU | G8: 10IRJ | H8: 10IRF | I8: 10IRA | J8: 10IRZ | K8: 10IRQ | L8: 10IRK | M8: 10IRH | N8: 10IRC | O8: 10IRD | P8: 10IRM | R8: IMPAYES | S8: =SUMIF(SND!K:K,Feuil1!B8,SND!F:F) -> 1190.625 | T8: =SUMIF(SND!K:K,Feuil1!C8,SND!F:F) -> 0 | U8: =SUMIF(SND!K:K,Feuil1!D8,SND!F:F) -> 180.046 | V8: =SUMIF(SND!K:K,Feuil1!E8,SND!F:F)+SUMIF(SND!K:K,Feuil1!E10,SND!F:F) -> 1524.38 | W8: =SUMIF(SND!K:K,Feuil1!F8,SND!F:F)+SUMIF(SND!K:K,Feuil1!F10,SND!F:F) -> 0 | X8: =SUMIF(SND!K:K,Feuil1!G8,SND!F:F)+SUMIF(SND!K:K,Feuil1!G10,SND!F:F) -> 0 | Y8: =SUMIF(SND!K:K,Feuil1!H8,SND!F:F)+SUMIF(SND!K:K,Feuil1!H10,SND!F:F) -> 0 | Z8: =SUMIF(SND!K:K,Feuil1!I8,SND!F:F)+SUMIF(SND!K:K,Feuil1!I10,SND!F:F)+SUMIF(SND!K:K,Feuil1!I9,SND!F:F) -> 0 | AA8: =SUMIF(SND!K:K,Feuil1!J8,SND!F:F)+SUMIF(SND!K:K,Feuil1!J10,SND!F:F)+SUMIF(SND!K:K,Feuil1!J9,SND!F:F) -> 0 | AB8: =SUMIF(SND!K:K,Feuil1!K8,SND!F:F)+SUMIF(SND!K:K,Feuil1!K10,SND!F:F)+SUMIF(SND!K:K,Feuil1!K9,SND!F:F) -> 4917.994 | AC8: =SUMIF(SND!K:K,Feuil1!L8,SND!F:F)+SUMIF(SND!K:K,Feuil1!L10,SND!F:F)+SUMIF(SND!K:K,Feuil1!L9,SND!F:F) -> 0 | AD8: =SUMIF(SND!K:K,Feuil1!M8,SND!F:F)+SUMIF(SND!K:K,Feuil1!M10,SND!F:F)+SUMIF(SND!K:K,Feuil1!M9,SND!F:F) -> 34748.337 | AE8: =SUMIF(SND!K:K,Feuil1!N8,SND!F:F)+SUMIF(SND!K:K,Feuil1!N10,SND!F:F)+SUMIF(SND!K:K,Feuil1!N9,SND!F:F) -> 0 | AF8: =SUMIF(SND!K:K,Feuil1!O8,SND!F:F)+SUMIF(SND!K:K,Feuil1!O10,SND!F:F)+SUMIF(SND!K:K,Feuil1!O9,SND!F:F) -> 15647.922 | AG8: =SUMIF(SND!K:K,Feuil1!P8,SND!F:F)+SUMIF(SND!K:K,Feuil1!P10,SND!F:F)+SUMIF(SND!K:K,Feuil1!P9,SND!F:F) -> 33898.776 | AH8: =SUM(S8:AG8) -> 92108.08
I9: 10IXA | J9: 10ISZ | K9: 10IXQ | L9: 10IXK | M9: 10IXH | N9: 10IXC | O9: 10IXD | P9: 10IXM | R9: TOTAL | S9: =SUM(S7:S8) -> 4548.922 | T9: =SUM(T7:T8) -> -21.409 | U9: =SUM(U7:U8) -> 5140.595 | V9: =SUM(V7:V8) -> -1967.813 | W9: =SUM(W7:W8) -> 80.148 | X9: =SUM(X7:X8) -> -24.161 | Y9: =SUM(Y7:Y8) -> -438.546 | Z9: =SUM(Z7:Z8) -> -679.625 | ... AG9: =SUM(AG7:AG8) -> 1704863.1 | AH9: =SUM(S9:AG9) -> 3549203.4
B10: 10IXY | C10: 10IXX | D10: 10IXV | E10: 10IXW | F10: 10IXU | G10: 10IXJ | H10: 10IXF | I10: 10ISA | J10: 10IXZ | K10: 10ISQ | L10: 10ISK | M10: 10ISH | N10: 10ISC | O10: 10ISD | P10: 10ISM
A12: SFAX | B12: <2013 | C12: 2013 | D12: 2014 | E12: 2015 | F12: 2016 | G12: 2017 | H12: 2018 | I12: 2019 | J12: 2020 | K12: 1 SEM 21 | L12: 3 TRI 21 | M12: 44470 | N12: 44501 | O12: 44531 | P12: 44562 | R12: SFAX | S12: <2013 | T12: 2013 | U12: 2014 | V12: 2015 | W12: 2016 | X12: 2017 | Y12: 2018 | Z12: 2019 | AA12: 2020 | AB12: 1 SEM 21 | AC12: 3 TRI 21 | AD12: 44470 | AE12: 44501 | AF12: 44531 | AG12: 44562 | AH12: TOTAL
A13: REVENDEURS | B13: 30FRY | C13: 30FRX | D13: 30FRV | E13: 30FRW | F13: 30FRU | G13: 30FRJ | H13: 30FRF | I13: 30FRA | J13: 30FRZ | K13: 30FRQ | L13: 30FRK | M13: 30FRH | N13: 30FRC | O13: 30FRD | P13: 30FRM | R13: REVENDEURS | S13: =SUMIF(SND!K:K,Feuil1!B13,SND!F:F) -> 0 | T13: =SUMIF(SND!K:K,Feuil1!C13,SND!F:F) -> 0 | U13: =SUMIF(SND!K:K,Feuil1!D13,SND!F:F) -> 0 | V13: =SUMIF(SND!K:K,Feuil1!E13,SND!F:F) -> 1243.783 | W13: =SUMIF(SND!K:K,Feuil1!F13,SND!F:F) -> 0 | X13: =SUMIF(SND!K:K,Feuil1!G13,SND!F:F) -> 0 | Y13: =SUMIF(SND!K:K,Feuil1!H13,SND!F:F) -> 0 | Z13: =SUMIF(SND!K:K,Feuil1!I13,SND!F:F) -> 0 | ... AG13: =SUMIF(SND!K:K,Feuil1!P13,SND!F:F) -> 528561.08 | AH13: =SUM(S13:AG13) -> 705610.6
A14: SOCIETES | B14: 30FSY | C14: 30FSX | D14: 30FSV | E14: 30FSW | F14: 30FSU | G14: 30FSJ | H14: 30FSF | I14: 30FSA | J14: 30FSZ | K14: 30FSQ | L14: 30FSK | M14: 30FSH | N14: 30FSC | O14: 30FSD | P14: 30FSM | R14: SOCIETES | S14: =SUMIF(SND!K:K,Feuil1!B14,SND!F:F) -> 334.08 | T14: =SUMIF(SND!K:K,Feuil1!C14,SND!F:F) -> 628.236 | U14: =SUMIF(SND!K:K,Feuil1!D14,SND!F:F) -> 0 | V14: =SUMIF(SND!K:K,Feuil1!E14,SND!F:F) -> 0 | W14: =SUMIF(SND!K:K,Feuil1!F14,SND!F:F) -> 0 | X14: =SUMIF(SND!K:K,Feuil1!G14,SND!F:F) -> 0 | Y14: =SUMIF(SND!K:K,Feuil1!H14,SND!F:F) -> 0 | Z14: =SUMIF(SND!K:K,Feuil1!I14,SND!F:F) -> 0 | ... AG14: =SUMIF(SND!K:K,Feuil1!P14,SND!F:F) -> 41375.268 | AH14: =SUM(S14:AG14) -> 71106.297
A15: ADMINISTRATIONS | B15: 30FAY | C15: 30FAX | D15: 30FAV | E15: 30FAW | F15: 30FAU | G15: 30FAJ | H15: 30FAF | I15: 30FAA | J15: 30FAZ | K15: 30FAQ | L15: 30FAK | M15: 30FAH | N15: 30FAC | O15: 30FAD | P15: 30FAM | R15: ADMINISTRATIONS | S15: =SUMIF(SND!K:K,Feuil1!B15,SND!F:F) -> 0 | T15: =SUMIF(SND!K:K,Feuil1!C15,SND!F:F) -> 0 | U15: =SUMIF(SND!K:K,Feuil1!D15,SND!F:F) -> 0 | V15: =SUMIF(SND!K:K,Feuil1!E15,SND!F:F) -> 0 | W15: =SUMIF(SND!K:K,Feuil1!F15,SND!F:F) -> 0 | X15: =SUMIF(SND!K:K,Feuil1!G15,SND!F:F) -> 0 | Y15: =SUMIF(SND!K:K,Feuil1!H15,SND!F:F) -> 0 | Z15: =SUMIF(SND!K:K,Feuil1!I15,SND!F:F) -> 0 | ... AG15: =SUMIF(SND!K:K,Feuil1!P15,SND!F:F) -> 0 | AH15: =SUM(S15:AG15) -> 38.61
A16: PARTICULIERS | B16: 30FXY | C16: 30FXX | D16: 30FXV | E16: 30FXW | F16: 30FXU | G16: 30FXJ | H16: 30FXF | I16: 30FXA | J16: 30FXZ | K16: 30FXQ | L16: 30FXK | M16: 30FXH | N16: 30FXC | O16: 30FXD | P16: 30FXM | R16: PARTICULIERS | S16: =SUMIF(SND!K:K,Feuil1!B16,SND!F:F) -> 0 | T16: =SUMIF(SND!K:K,Feuil1!C16,SND!F:F) -> 0 | U16: =SUMIF(SND!K:K,Feuil1!D16,SND!F:F) -> 0 | V16: =SUMIF(SND!K:K,Feuil1!E16,SND!F:F) -> 0 | W16: =SUMIF(SND!K:K,Feuil1!F16,SND!F:F) -> 0 | X16: =SUMIF(SND!K:K,Feuil1!G16,SND!F:F) -> 0 | Y16: =SUMIF(SND!K:K,Feuil1!H16,SND!F:F) -> 0 | Z16: =SUMIF(SND!K:K,Feuil1!I16,SND!F:F) -> 0 | ... AG16: =SUMIF(SND!K:K,Feuil1!P16,SND!F:F) -> 0 | AH16: =SUM(S16:AG16) -> 0
A17: TOTAL CREANCES | B17: =SUM(B13:B16) -> 0 | C17: =SUM(C13:C16) -> 0 | D17: =SUM(D13:D16) -> 0 | E17: =SUM(E13:E16) -> 0 | F17: =SUM(F13:F16) -> 0 | G17: =SUM(G13:G16) -> 0 | H17: =SUM(H13:H16) -> 0 | I17: =SUM(I13:I16) -> 0 | ... P17: =SUM(P13:P16) -> 0 | R17: TOTAL CREANCES | S17: =SUM(S13:S16) -> 334.08 | T17: =SUM(T13:T16) -> 628.236 | U17: =SUM(U13:U16) -> 0 | V17: =SUM(V13:V16) -> 1243.783 | W17: =SUM(W13:W16) -> 0 | X17: =SUM(X13:X16) -> 0 | Y17: =SUM(Y13:Y16) -> 0 | Z17: =SUM(Z13:Z16) -> 0 | ... AG17: =SUM(AG13:AG16) -> 569936.35 | AH17: =SUM(S17:AG17) -> 776755.5
A18: IMPAYES | B18: 30IRY | C18: 30IRX | D18: 30IRV | E18: 30IRW | F18: 30IRU | G18: 30IRJ | H18: 30IRF | I18: 30IRA | J18: 30IRZ | K18: 30IRQ | L18: 30IRK | M18: 30IRH | N18: 30IRC | O18: 30IRD | P18: 30IRM | R18: IMPAYES | S18: =SUMIF(SND!K:K,Feuil1!B18,SND!F:F) -> 0 | T18: =SUMIF(SND!K:K,Feuil1!C18,SND!F:F) -> 0 | U18: =SUMIF(SND!K:K,Feuil1!D18,SND!F:F) -> 0 | V18: =SUMIF(SND!K:K,Feuil1!E18,SND!F:F) -> 0 | W18: =SUMIF(SND!K:K,Feuil1!F18,SND!F:F) -> 0 | X18: =SUMIF(SND!K:K,Feuil1!G18,SND!F:F)+SUMIF(SND!K:K,Feuil1!G19,SND!F:F) -> 0 | Y18: =SUMIF(SND!K:K,Feuil1!H18,SND!F:F)+SUMIF(SND!K:K,Feuil1!H19,SND!F:F) -> 0 | Z18: =SUMIF(SND!K:K,Feuil1!I18,SND!F:F)+SUMIF(SND!K:K,Feuil1!I19,SND!F:F) -> 0 | AA18: =SUMIF(SND!K:K,Feuil1!J18,SND!F:F)+SUMIF(SND!K:K,Feuil1!J19,SND!F:F) -> 5195.476 | AB18: =SUMIF(SND!K:K,Feuil1!K18,SND!F:F)+SUMIF(SND!K:K,Feuil1!K19,SND!F:F) -> 0 | AC18: =SUMIF(SND!K:K,Feuil1!L18,SND!F:F)+SUMIF(SND!K:K,Feuil1!L19,SND!F:F) -> 2518.806 | AD18: =SUMIF(SND!K:K,Feuil1!M18,SND!F:F)+SUMIF(SND!L:L,Feuil1!M19,SND!F:F) -> 0 | AE18: =SUMIF(SND!K:K,Feuil1!N18,SND!F:F)+SUMIF(SND!L:L,Feuil1!N19,SND!F:F) -> 0 | AF18: =SUMIF(SND!K:K,Feuil1!O18,SND!F:F)+SUMIF(SND!M:M,Feuil1!O19,SND!F:F) -> 0 | AG18: =SUMIF(SND!K:K,Feuil1!P18,SND!F:F)+SUMIF(SND!N:N,Feuil1!P19,SND!F:F) -> 13444.202 | AH18: =SUM(S18:AG18) -> 21158.484
B19: 30IXY | C19: 30IXX | D19: 30IXV | E19: 30IXW | F19: 30IXU | G19: 30IXJ | H19: 30IXF | I19: 30IXA | J19: 30ISZ | K19: 30ISQ | L19: 30ISK | M19: 30ISH | N19: 30ISC | O19: 30ISD | P19: 30ISM | R19: TOTAL | S19: =SUM(S17:S18) -> 334.08 | T19: =SUM(T17:T18) -> 628.236 | U19: =SUM(U17:U18) -> 0 | V19: =SUM(V17:V18) -> 1243.783 | W19: =SUM(W17:W18) -> 0 | X19: =SUM(X17:X18) -> 0 | Y19: =SUM(Y17:Y18) -> 0 | Z19: =SUM(Z17:Z18) -> 0 | ... AG19: =SUM(AG17:AG18) -> 583380.56 | AH19: =SUM(S19:AG19) -> 797913.99
A21: SOUSSE | B21: <2013 | C21: 2013 | D21: 2014 | E21: 2015 | F21: 2016 | G21: 2017 | H21: 2018 | I21: 2019 | J21: 2020 | K21: 1 SEM 21 | L21: 3 TRI 21 | M21: 44470 | N21: 44501 | O21: 44531 | P21: 44562 | R21: SOUSSE | S21: <2013 | T21: 2013 | U21: 2014 | V21: 2015 | W21: 2016 | X21: 2017 | Y21: 2018 | Z21: 2019 | AA21: 2020 | AB21: 1 SEM 21 | AC21: 3 TRI 21 | AD21: 44470 | AE21: 44501 | AF21: 44531 | AG21: 44562 | AH21: TOTAL
A22: REVENDEURS | B22: 40FRY | C22: 40FRX | D22: 40FRV | E22: 40FRW | F22: 40FRU | G22: 40FRJ | H22: 40FRF | I22: 40FRA | J22: 40FRZ | K22: 40FRQ | L22: 40FRK | M22: 40FRH | N22: 40FRC | O22: 40FRD | P22: 40FRM | R22: REVENDEURS | S22: =SUMIF(SND!K:K,Feuil1!B22,SND!F:F) -> -0.002 | T22: =SUMIF(SND!K:K,Feuil1!C22,SND!F:F) -> 0 | U22: =SUMIF(SND!K:K,Feuil1!D22,SND!F:F) -> 0 | V22: =SUMIF(SND!K:K,Feuil1!E22,SND!F:F) -> -0.004 | W22: =SUMIF(SND!K:K,Feuil1!F22,SND!F:F) -> 0 | X22: =SUMIF(SND!K:K,Feuil1!G22,SND!F:F) -> 0 | Y22: =SUMIF(SND!K:K,Feuil1!H22,SND!F:F) -> -0.036 | Z22: =SUMIF(SND!K:K,Feuil1!I22,SND!F:F) -> 10214.72 | ... AG22: =SUMIF(SND!K:K,Feuil1!P22,SND!F:F) -> 337388.62 | AH22: =SUM(S22:AG22) -> 432412.88
A23: SOCIETES | B23: 40FSY | C23: 40FSX | D23: 40FSV | E23: 40FSW | F23: 40FSU | G23: 40FSJ | H23: 40FSF | I23: 40FSA | J23: 40FSZ | K23: 40FSQ | L23: 40FSK | M23: 40FSH | N23: 40FSC | O23: 40FSD | P23: 40FSM | R23: SOCIETES | S23: =SUMIF(SND!K:K,Feuil1!B23,SND!F:F) -> 0 | T23: =SUMIF(SND!K:K,Feuil1!C23,SND!F:F) -> 0 | U23: =SUMIF(SND!K:K,Feuil1!D23,SND!F:F) -> 0 | V23: =SUMIF(SND!K:K,Feuil1!E23,SND!F:F) -> 0 | W23: =SUMIF(SND!K:K,Feuil1!F23,SND!F:F) -> 0 | X23: =SUMIF(SND!K:K,Feuil1!G23,SND!F:F) -> 0 | Y23: =SUMIF(SND!K:K,Feuil1!H23,SND!F:F) -> 0 | Z23: =SUMIF(SND!K:K,Feuil1!I23,SND!F:F) -> 0 | ... AG23: =SUMIF(SND!K:K,Feuil1!P23,SND!F:F) -> 28111.765 | AH23: =SUM(S23:AG23) -> 152365.37
A24: ADMINISTRATIONS | B24: 40FAY | C24: 40FAX | D24: 40FAV | E24: 40FAW | F24: 40FAU | G24: 40FAJ | H24: 40FAF | I24: 40FAA | J24: 40FAZ | K24: 40FAQ | L24: 40FAK | M24: 40FAH | N24: 40FAC | O24: 40FAD | P24: 40FAM | R24: ADMINISTRATIONS | S24: =SUMIF(SND!K:K,Feuil1!B24,SND!F:F) -> 0 | T24: =SUMIF(SND!K:K,Feuil1!C24,SND!F:F) -> 0 | U24: =SUMIF(SND!K:K,Feuil1!D24,SND!F:F) -> 0 | V24: =SUMIF(SND!K:K,Feuil1!E24,SND!F:F) -> 0 | W24: =SUMIF(SND!K:K,Feuil1!F24,SND!F:F) -> 0 | X24: =SUMIF(SND!K:K,Feuil1!G24,SND!F:F) -> 0 | Y24: =SUMIF(SND!K:K,Feuil1!H24,SND!F:F) -> 0 | Z24: =SUMIF(SND!K:K,Feuil1!I24,SND!F:F) -> 0 | ... AG24: =SUMIF(SND!K:K,Feuil1!P24,SND!F:F) -> 0 | AH24: =SUM(S24:AG24) -> 1042.807
A25: PARTICULIERS | B25: 40FXY | C25: 40FXX | D25: 40FXV | E25: 40FXW | F25: 40FXU | G25: 40FXJ | H25: 40FXF | I25: 40FXA | J25: 40FXZ | K25: 40FXQ | L25: 40FXK | M25: 40FXH | N25: 40FXC | O25: 40FXD | P25: 40FXM | R25: PARTICULIERS | S25: =SUMIF(SND!K:K,Feuil1!B25,SND!F:F) -> 0 | T25: =SUMIF(SND!K:K,Feuil1!C25,SND!F:F) -> 0 | U25: =SUMIF(SND!K:K,Feuil1!D25,SND!F:F) -> 0 | V25: =SUMIF(SND!K:K,Feuil1!E25,SND!F:F) -> 0 | W25: =SUMIF(SND!K:K,Feuil1!F25,SND!F:F) -> 0 | X25: =SUMIF(SND!K:K,Feuil1!G25,SND!F:F) -> 0 | Y25: =SUMIF(SND!K:K,Feuil1!H25,SND!F:F) -> 0 | Z25: =SUMIF(SND!K:K,Feuil1!I25,SND!F:F) -> 0 | ... AG25: =SUMIF(SND!K:K,Feuil1!P25,SND!F:F) -> 0 | AH25: =SUM(S25:AG25) -> 0
A26: TOTAL CREANCES | B26: =SUM(B22:B25) -> 0 | C26: =SUM(C22:C25) -> 0 | D26: =SUM(D22:D25) -> 0 | E26: =SUM(E22:E25) -> 0 | F26: =SUM(F22:F25) -> 0 | G26: =SUM(G33:G37) -> 0 | H26: =SUM(H33:H37) -> 0 | I26: =SUM(I33:I37) -> 0 | J26: =SUM(J33:J37) -> 0 | K26: =SUM(K33:K37) -> 0 | L26: =SUM(L33:L37) -> 0 | M26: =SUM(M33:M37) -> 0 | N26: =SUM(N33:N37) -> 0 | ... P26: =SUM(P33:P37) -> 0 | R26: TOTAL CREANCES | S26: =SUM(S22:S25) -> -0.002 | T26: =SUM(T22:T25) -> 0 | U26: =SUM(U22:U25) -> 0 | V26: =SUM(V22:V25) -> -0.004 | W26: =SUM(W22:W25) -> 0 | X26: =SUM(X22:X25) -> 0 | Y26: =SUM(Y22:Y25) -> -0.036 | Z26: =SUM(Z22:Z25) -> 10214.72 | ... AG26: =SUM(AG22:AG25) -> 365500.38 | AH26: =SUM(S26:AG26) -> 585821.06
A27: IMPAYES | B27: 40IRY | C27: 40IRX | D27: 40IRV | E27: 40IRW | F27: 40IRU | G27: 40IRJ | H27: 40IRF | I27: 40IRA | J27: 40IRZ | K27: 40IRQ | L27: 40IRK | M27: 40IRH | N27: 40IRC | O27: 40IRD | P27: 40IRM | R27: IMPAYES | S27: =SUMIF(SND!K:K,Feuil1!B27,SND!F:F) -> 0 | T27: =SUMIF(SND!K:K,Feuil1!C27,SND!F:F) -> 0 | U27: =SUMIF(SND!K:K,Feuil1!D27,SND!F:F) -> 0 | V27: =SUMIF(SND!K:K,Feuil1!E27,SND!F:F) -> 0 | W27: =SUMIF(SND!K:K,Feuil1!F27,SND!F:F) -> 0 | X27: =SUMIF(SND!K:K,Feuil1!G27,SND!F:F)+SUMIF(SND!K:K,Feuil1!G29,SND!F:F) -> 0 | Y27: =SUMIF(SND!K:K,Feuil1!H27,SND!F:F)+SUMIF(SND!K:K,Feuil1!H29,SND!F:F) -> 0 | Z27: =SUMIF(SND!K:K,Feuil1!I27,SND!F:F)+SUMIF(SND!K:K,Feuil1!I29,SND!F:F) -> 0 | AA27: =SUMIF(SND!K:K,Feuil1!J27,SND!F:F)+SUMIF(SND!K:K,Feuil1!J29,SND!F:F) -> 13620 | AB27: =SUMIF(SND!K:K,Feuil1!K27,SND!F:F)+SUMIF(SND!K:K,Feuil1!K29,SND!F:F) -> 0 | AC27: =SUMIF(SND!K:K,Feuil1!L27,SND!F:F)+SUMIF(SND!K:K,Feuil1!L29,SND!F:F) -> 12717.285 | AD27: =SUMIF(SND!K:K,Feuil1!M27,SND!F:F)+SUMIF(SND!K:K,Feuil1!M29,SND!F:F) -> 4001.882 | AE27: =SUMIF(SND!K:K,Feuil1!N27,SND!F:F)+SUMIF(SND!K:K,Feuil1!N29,SND!F:F) -> 5950 | ... AG27: =SUMIF(SND!K:K,Feuil1!P27,SND!F:F)+SUMIF(SND!K:K,Feuil1!P29,SND!F:F) -> 11485.337 | AH27: =SUM(S27:AG27) -> 50702.14
R28: TOTAL | S28: =SUM(S26:S27) -> -0.002 | T28: =SUM(T26:T27) -> 0 | U28: =SUM(U26:U27) -> 0 | V28: =SUM(V26:V27) -> -0.004 | W28: =SUM(W26:W27) -> 0 | X28: =SUM(X26:X27) -> 0 | Y28: =SUM(Y26:Y27) -> -0.036 | Z28: =SUM(Z26:Z27) -> 10214.72 | ... AG28: =SUM(AG26:AG27) -> 376985.72 | AH28: =SUM(S28:AG28) -> 636523.2
B29: 40IXY | C29: 40IXX | D29: 40IXV | E29: 40IXW | F29: 40IXU | G29: 40ISJ | H29: 40ISF | I29: 40ISA | J29: 40IXZ | K29: 40ISQ | L29: 40ISK | M29: 40ISH | N29: 40ISC | O29: 40ISD | P29: 40ISM
R30: GABES | S30: <2013 | T30: 2013 | U30: 2014 | V30: 2015 | W30: 2016 | X30: 2017 | Y30: 2018 | Z30: 2019 | AA30: 2020 | AB30: 1 SEM 21 | AC30: 3 TRI 21 | AD30: 44470 | AE30: 44501 | AF30: 44531 | AG30: 44562 | AH30: TOTAL
A31: GABES | B31: <2013 | C31: 2013 | D31: 2014 | E31: 2015 | F31: 2016 | G31: 2017 | H31: 2018 | I31: 2019 | J31: 2020 | K31: 1 SEM 21 | L31: 3 TRI 21 | M31: 44470 | N31: 44501 | O31: 44531 | P31: 44562 | R31: REVENDEURS | S31: =SUMIF(SND!K:K,Feuil1!B32,SND!F:F) -> 0 | T31: =SUMIF(SND!K:K,Feuil1!C32,SND!F:F) -> 0 | U31: =SUMIF(SND!K:K,Feuil1!D32,SND!F:F) -> 0 | V31: =SUMIF(SND!K:K,Feuil1!E32,SND!F:F) -> 0 | W31: =SUMIF(SND!K:K,Feuil1!F32,SND!F:F) -> 0 | X31: =SUMIF(SND!K:K,Feuil1!G32,SND!F:F) -> 0 | Y31: =SUMIF(SND!K:K,Feuil1!H32,SND!F:F) -> 0 | Z31: =SUMIF(SND!K:K,Feuil1!I32,SND!F:F) -> 0 | ... AG31: =SUMIF(SND!K:K,Feuil1!P32,SND!F:F) -> 184109.41 | AH31: =SUM(S31:AG31) -> 215187.13
A32: REVENDEURS | B32: 60FRY | C32: 60FRX | D32: 60FRV | E32: 60FRW | F32: 60FRU | G32: 60FRJ | H32: 60FRF | I32: 60FRA | J32: 60FRZ | K32: 60FRQ | L32: 60FRK | M32: 60FRH | N32: 60FRC | O32: 60FRD | P32: 60FRM | R32: SOCIETES | S32: =SUMIF(SND!K:K,Feuil1!B33,SND!F:F) -> 0 | T32: =SUMIF(SND!K:K,Feuil1!C33,SND!F:F) -> 0 | U32: =SUMIF(SND!K:K,Feuil1!D33,SND!F:F) -> 0 | V32: =SUMIF(SND!K:K,Feuil1!E33,SND!F:F) -> 0 | W32: =SUMIF(SND!K:K,Feuil1!F33,SND!F:F) -> 0 | X32: =SUMIF(SND!K:K,Feuil1!G33,SND!F:F) -> 0 | Y32: =SUMIF(SND!K:K,Feuil1!H33,SND!F:F) -> 0 | Z32: =SUMIF(SND!K:K,Feuil1!I33,SND!F:F) -> 0 | ... AG32: =SUMIF(SND!K:K,Feuil1!P33,SND!F:F) -> 877.815 | AH32: =SUM(S32:AG32) -> 6864.755
A33: SOCIETES | B33: 60FSY | C33: 60FSX | D33: 60FSV | E33: 60FSW | F33: 60FSU | G33: 60FSJ | H33: 60FSF | I33: 60FSA | J33: 60FSZ | K33: 60FSQ | L33: 60FSK | M33: 60FSH | N33: 60FSC | O33: 60FSD | P33: 60FSM | R33: ADMINISTRATIONS | S33: =SUMIF(SND!K:K,Feuil1!B34,SND!F:F) -> 0 | T33: =SUMIF(SND!K:K,Feuil1!C34,SND!F:F) -> 0 | U33: =SUMIF(SND!K:K,Feuil1!D34,SND!F:F) -> 0 | V33: =SUMIF(SND!K:K,Feuil1!E34,SND!F:F) -> 0 | W33: =SUMIF(SND!K:K,Feuil1!F34,SND!F:F) -> 0 | X33: =SUMIF(SND!K:K,Feuil1!G34,SND!F:F) -> 0 | Y33: =SUMIF(SND!K:K,Feuil1!H34,SND!F:F) -> 0 | Z33: =SUMIF(SND!K:K,Feuil1!I34,SND!F:F) -> 0 | ... AG33: =SUMIF(SND!K:K,Feuil1!P34,SND!F:F) -> 3464.09 | AH33: =SUM(S33:AG33) -> 9303.42
A34: ADMINISTRATIONS | B34: 60FAY | C34: 60FAX | D34: 60FAV | E34: 60FAW | F34: 60FAU | G34: 60FAJ | H34: 60FAF | I34: 60FAA | J34: 60FAZ | K34: 60FAQ | L34: 60FAK | M34: 60FAH | N34: 60FAC | O34: 60FAD | P34: 60FAM | R34: PARTICULIERS | S34: =SUMIF(SND!K:K,Feuil1!B35,SND!F:F) -> 0 | T34: =SUMIF(SND!K:K,Feuil1!C35,SND!F:F) -> 0 | U34: =SUMIF(SND!K:K,Feuil1!D35,SND!F:F) -> 0 | V34: =SUMIF(SND!K:K,Feuil1!E35,SND!F:F) -> 0 | W34: =SUMIF(SND!K:K,Feuil1!F35,SND!F:F) -> 0 | X34: =SUMIF(SND!K:K,Feuil1!G35,SND!F:F) -> -64.664 | Y34: =SUMIF(SND!K:K,Feuil1!H35,SND!F:F) -> 0 | Z34: =SUMIF(SND!K:K,Feuil1!I35,SND!F:F) -> 0 | ... AG34: =SUMIF(SND!K:K,Feuil1!P35,SND!F:F) -> 1576.741 | AH34: =SUM(S34:AG34) -> 1506.077
A35: PARTICULIERS | B35: 60FXY | C35: 60FXX | D35: 60FXV | E35: 60FXW | F35: 60FXU | G35: 60FXJ | H35: 60FXF | I35: 60FXA | J35: 60FXZ | K35: 60FXQ | L35: 60FXK | M35: 60FXH | N35: 60FXC | O35: 60FXD | P35: 60FXM | R35: TOTAL CREANCES | S35: =SUM(S31:S34) -> 0 | T35: =SUM(T31:T34) -> 0 | U35: =SUM(U31:U34) -> 0 | V35: =SUM(V31:V34) -> 0 | W35: =SUM(W31:W34) -> 0 | X35: =SUM(X31:X34) -> -64.664 | Y35: =SUM(Y31:Y34) -> 0 | Z35: =SUM(Z31:Z34) -> 0 | ... AG35: =SUM(AG31:AG34) -> 190028.06 | AH35: =SUM(S35:AG35) -> 232861.38
A36: TOTAL CREANCES | B36: =SUM(B32:B35) -> 0 | C36: =SUM(C32:C35) -> 0 | D36: =SUM(D32:D35) -> 0 | E36: =SUM(E32:E35) -> 0 | F36: =SUM(F32:F35) -> 0 | G36: =SUM(G35:G64) -> 0 | H36: =SUM(H35:H64) -> 0 | I36: =SUM(I35:I64) -> 0 | J36: =SUM(J35:J64) -> 0 | K36: =SUM(K35:K64) -> 0 | L36: =SUM(L35:L64) -> 0 | M36: =SUM(M35:M64) -> 0 | N36: =SUM(N35:N64) -> 0 | ... P36: =SUM(P35:P64) -> 0 | R36: IMPAYES | S36: =SUMIF(SND!K:K,Feuil1!B37,SND!F:F) -> 0 | T36: =SUMIF(SND!K:K,Feuil1!C37,SND!F:F) -> 0 | U36: =SUMIF(SND!K:K,Feuil1!D37,SND!F:F) -> 0 | V36: =SUMIF(SND!K:K,Feuil1!E37,SND!F:F) -> 0 | W36: =SUMIF(SND!K:K,Feuil1!F37,SND!F:F)+SUMIF(SND!K:K,Feuil1!F38,SND!F:F) -> 0 | X36: =SUMIF(SND!K:K,Feuil1!G37,SND!F:F)+SUMIF(SND!K:K,Feuil1!G38,SND!F:F) -> 0 | Y36: =SUMIF(SND!K:K,Feuil1!H37,SND!F:F)+SUMIF(SND!K:K,Feuil1!H38,SND!F:F) -> 0 | Z36: =SUMIF(SND!K:K,Feuil1!I37,SND!F:F)+SUMIF(SND!K:K,Feuil1!I38,SND!F:F) -> 0 | AA36: =SUMIF(SND!K:K,Feuil1!J37,SND!F:F)+SUMIF(SND!K:K,Feuil1!J38,SND!F:F) -> 0 | AB36: =SUMIF(SND!K:K,Feuil1!K37,SND!F:F)+SUMIF(SND!K:K,Feuil1!K38,SND!F:F) -> 0 | AC36: =SUMIF(SND!K:K,Feuil1!L37,SND!F:F)+SUMIF(SND!K:K,Feuil1!L38,SND!F:F) -> 0 | AD36: =SUMIF(SND!K:K,Feuil1!M37,SND!F:F)+SUMIF(SND!L:L,Feuil1!M38,SND!F:F) -> 0 | AE36: =SUMIF(SND!K:K,Feuil1!N37,SND!F:F)+SUMIF(SND!L:L,Feuil1!N38,SND!F:F) -> 0 | AF36: =SUMIF(SND!K:K,Feuil1!O37,SND!F:F)+SUMIF(SND!M:M,Feuil1!O38,SND!F:F) -> 0 | AG36: =SUMIF(SND!K:K,Feuil1!P37,SND!F:F)+SUMIF(SND!N:N,Feuil1!P38,SND!F:F) -> 0 | AH36: =SUM(S36:AG36) -> 0
A37: IMPAYES | B37: 60IRY | C37: 60IRX | D37: 60IRV | E37: 60ISW | F37: 60IRU | G37: 60IXJ | H37: 60IRF | I37: 60IRA | J37: 60IRZ | K37: 60IRQ | L37: 60IRK | M37: 60IRH | N37: 60IRC | O37: 60IRD | P37: 60IRM | R37: TOTAL | S37: =SUM(S35:S36) -> 0 | T37: =SUM(T35:T36) -> 0 | U37: =SUM(U35:U36) -> 0 | V37: =SUM(V35:V36) -> 0 | W37: =SUM(W35:W36) -> 0 | X37: =SUM(X35:X36) -> -64.664 | Y37: =SUM(Y35:Y36) -> 0 | Z37: =SUM(Z35:Z36) -> 0 | ... AG37: =SUM(AG35:AG36) -> 190028.06 | AH37: =SUM(S37:AG37) -> 232861.38
B38: 60IXY | C38: 60IXX | D38: 60IXV | E38: 60IXW | F38: 60IXU | G38: 60ISJ | H38: 60ISF | I38: 60ISA | J38: 60IXZ | K38: 60ISQ | L38: 60ISK | M38: 60ISH | N38: 60ISC | O38: 60ISD | P38: 60ISM
R39: GAFSA | S39: <2013 | T39: 2013 | U39: 2014 | V39: 2015 | W39: 2016 | X39: 2017 | Y39: 2018 | Z39: 2019 | AA39: 2020 | AB39: 1 SEM 21 | AC39: 3 TRI 21 | AD39: 44470 | AE39: 44501 | AF39: 44531 | AG39: 44562 | AH39: TOTAL
A40: GAFSA | B40: <2013 | C40: 2013 | D40: 2014 | E40: 2015 | F40: 2016 | G40: 2017 | H40: 2018 | I40: 2019 | J40: 2020 | K40: 1 SEM 21 | L40: 3 TRI 21 | M40: 44470 | N40: 44501 | O40: 44531 | P40: 44562 | R40: REVENDEURS | S40: =SUMIF(SND!K:K,Feuil1!B41,SND!F:F) -> 0 | T40: =SUMIF(SND!K:K,Feuil1!C41,SND!F:F) -> 0 | U40: =SUMIF(SND!K:K,Feuil1!D41,SND!F:F) -> 0 | V40: =SUMIF(SND!K:K,Feuil1!E41,SND!F:F) -> 0 | W40: =SUMIF(SND!K:K,Feuil1!F41,SND!F:F) -> -1.757 | X40: =SUMIF(SND!K:K,Feuil1!G41,SND!F:F) -> 0 | Y40: =SUMIF(SND!K:K,Feuil1!H41,SND!F:F) -> -0.6 | Z40: =SUMIF(SND!K:K,Feuil1!I41,SND!F:F) -> -77.981 | ... AG40: =SUMIF(SND!K:K,Feuil1!P41,SND!F:F) -> 314797.85 | AH40: =SUM(S40:AG40) -> 402482.02
A41: REVENDEURS | B41: 70FRY | C41: 70FRX | D41: 70FRV | E41: 70FRW | F41: 70FRU | G41: 70FRJ | H41: 70FRF | I41: 70FRA | J41: 70FRZ | K41: 70FRQ | L41: 70FRK | M41: 70FRH | N41: 70FRC | O41: 70FRD | P41: 70FRM | R41: SOCIETES | S41: =SUMIF(SND!K:K,Feuil1!B42,SND!F:F) -> 0 | T41: =SUMIF(SND!K:K,Feuil1!C42,SND!F:F) -> 0 | U41: =SUMIF(SND!K:K,Feuil1!D42,SND!F:F) -> 0 | V41: =SUMIF(SND!K:K,Feuil1!E42,SND!F:F) -> 0 | W41: =SUMIF(SND!K:K,Feuil1!F42,SND!F:F) -> -0.001 | X41: =SUMIF(SND!K:K,Feuil1!G42,SND!F:F) -> 0 | Y41: =SUMIF(SND!K:K,Feuil1!H42,SND!F:F) -> 0 | Z41: =SUMIF(SND!K:K,Feuil1!I42,SND!F:F) -> 0 | ... AG41: =SUMIF(SND!K:K,Feuil1!P42,SND!F:F) -> 29577.313 | AH41: =SUM(S41:AG41) -> 89939.109
A42: SOCIETES | B42: 70FSY | C42: 70FSX | D42: 70FSV | E42: 70FSW | F42: 70FSU | G42: 70FSJ | H42: 70FSF | I42: 70FSA | J42: 70FSZ | K42: 70FSQ | L42: 70FSK | M42: 70FSH | N42: 70FSC | O42: 70FSD | P42: 70FSM | R42: SOCIETES SNA | S42: =SUMIF(SND!K:K,Feuil1!B43,SND!F:F) -> 0 | T42: =SUMIF(SND!K:K,Feuil1!C43,SND!F:F) -> 0 | U42: =SUMIF(SND!K:K,Feuil1!D43,SND!F:F) -> 0 | V42: =SUMIF(SND!K:K,Feuil1!E43,SND!F:F) -> 0 | W42: =SUMIF(SND!K:K,Feuil1!F43,SND!F:F) -> 61.5 | X42: =SUMIF(SND!K:K,Feuil1!G43,SND!F:F) -> 0 | Y42: =SUMIF(SND!K:K,Feuil1!H43,SND!F:F) -> 0 | Z42: =SUMIF(SND!K:K,Feuil1!I43,SND!F:F) -> 0 | ... AG42: =SUMIF(SND!K:K,Feuil1!P43,SND!F:F) -> 0 | AH42: =SUM(S42:AG42) -> 57724.828
A43: SOCIETES SNA | B43: 70FSSY | C43: 70FSSX | D43: 70FSSV | E43: 70FSSW | F43: 70FSSU | G43: 70FSSJ | H43: 70FSSF | I43: 70FSSA | J43: 70FSSZ | K43: 70FSSQ | L43: 70FSSK | M43: 70FSSH | N43: 70FSSC | O43: 70FSSD | P43: 70FSSM | R43: ADMINISTRATIONS | S43: =SUMIF(SND!K:K,Feuil1!B44,SND!F:F) -> 0 | T43: =SUMIF(SND!K:K,Feuil1!C44,SND!F:F) -> 0 | U43: =SUMIF(SND!K:K,Feuil1!D44,SND!F:F) -> 0 | V43: =SUMIF(SND!K:K,Feuil1!E44,SND!F:F) -> 0 | W43: =SUMIF(SND!K:K,Feuil1!F44,SND!F:F) -> 0 | X43: =SUMIF(SND!K:K,Feuil1!G44,SND!F:F) -> 0 | Y43: =SUMIF(SND!K:K,Feuil1!H44,SND!F:F) -> 0 | Z43: =SUMIF(SND!K:K,Feuil1!I44,SND!F:F) -> 0 | ... AG43: =SUMIF(SND!K:K,Feuil1!P44,SND!F:F) -> 0 | AH43: =SUM(S43:AG43) -> 5000
A44: ADMINISTRATIONS | B44: 70FAY | C44: 70FAX | D44: 70FAV | E44: 70FAW | F44: 70FAU | G44: 70FAJ | H44: 70FAF | I44: 70FAA | J44: 70FAZ | K44: 70FAQ | L44: 70FAK | M44: 70FAH | N44: 70FAC | O44: 70FAD | P44: 70FAM | R44: PARTICULIERS | S44: =SUMIF(SND!K:K,Feuil1!B45,SND!F:F) -> 0 | T44: =SUMIF(SND!K:K,Feuil1!C45,SND!F:F) -> 0 | U44: =SUMIF(SND!K:K,Feuil1!D45,SND!F:F) -> 0 | V44: =SUMIF(SND!K:K,Feuil1!E45,SND!F:F) -> 0 | W44: =SUMIF(SND!K:K,Feuil1!F45,SND!F:F) -> 0 | X44: =SUMIF(SND!K:K,Feuil1!G45,SND!F:F) -> 0 | Y44: =SUMIF(SND!K:K,Feuil1!H45,SND!F:F) -> 0 | Z44: =SUMIF(SND!K:K,Feuil1!I45,SND!F:F) -> 0 | ... AG44: =SUMIF(SND!K:K,Feuil1!P45,SND!F:F) -> 0 | AH44: =SUM(S44:AG44) -> 0
A45: PARTICULIERS | B45: 70FXY | C45: 70FXX | D45: 70FXV | E45: 70FXW | F45: 70FXU | G45: 70FXJ | H45: 70FXF | I45: 70FXA | J45: 70FXZ | K45: 70FXQ | L45: 70FXK | M45: 70FXH | N45: 70FXC | O45: 70FXD | P45: 70FXM | R45: TOTAL CREANCES | S45: =SUM(S40:S44) -> 0 | T45: =SUM(T40:T44) -> 0 | U45: =SUM(U40:U44) -> 0 | V45: =SUM(V40:V44) -> 0 | W45: =SUM(W40:W44) -> 59.742 | X45: =SUM(X40:X44) -> 0 | Y45: =SUM(Y40:Y44) -> -0.6 | Z45: =SUM(Z40:Z44) -> -77.981 | ... AG45: =SUM(AG40:AG44) -> 344375.16 | AH45: =SUM(S45:AG45) -> 555145.96
A46: TOTAL CREANCES | B46: =SUM(B41:B45) -> 0 | C46: =SUM(C41:C45) -> 0 | D46: =SUM(D41:D45) -> 0 | E46: =SUM(E41:E45) -> 0 | F46: =SUM(F41:F45) -> 0 | G46: =SUM(G41:G45) -> 0 | H46: =SUM(H41:H45) -> 0 | I46: =SUM(I41:I45) -> 0 | ... P46: =SUM(P41:P45) -> 0 | R46: IMPAYES | S46: =SUMIF(SND!K:K,Feuil1!B47,SND!F:F) -> 0 | T46: =SUMIF(SND!K:K,Feuil1!C47,SND!F:F) -> 0 | U46: =SUMIF(SND!K:K,Feuil1!D47,SND!F:F) -> 0 | V46: =SUMIF(SND!K:K,Feuil1!E47,SND!F:F) -> 0 | W46: =SUMIF(SND!K:K,Feuil1!F47,SND!F:F) -> 0 | X46: =SUMIF(SND!K:K,Feuil1!G47,SND!F:F)+SUMIF(SND!K:K,Feuil1!G48,SND!F:F) -> 0 | Y46: =SUMIF(SND!K:K,Feuil1!H47,SND!F:F)+SUMIF(SND!K:K,Feuil1!H48,SND!F:F) -> 0 | Z46: =SUMIF(SND!K:K,Feuil1!I47,SND!F:F)+SUMIF(SND!K:K,Feuil1!I48,SND!F:F) -> 0 | AA46: =SUMIF(SND!K:K,Feuil1!J47,SND!F:F)+SUMIF(SND!K:K,Feuil1!J48,SND!F:F) -> 0 | AB46: =SUMIF(SND!K:K,Feuil1!K47,SND!F:F)+SUMIF(SND!K:K,Feuil1!K48,SND!F:F) -> 0 | AC46: =SUMIF(SND!K:K,Feuil1!L47,SND!F:F)+SUMIF(SND!K:K,Feuil1!L48,SND!F:F) -> 0 | AD46: =SUMIF(SND!K:K,Feuil1!M47,SND!F:F)+SUMIF(SND!L:L,Feuil1!M48,SND!F:F) -> 0 | AE46: =SUMIF(SND!K:K,Feuil1!N47,SND!F:F)+SUMIF(SND!L:L,Feuil1!N48,SND!F:F) -> 0 | AF46: =SUMIF(SND!K:K,Feuil1!O47,SND!F:F)+SUMIF(SND!M:M,Feuil1!O48,SND!F:F) -> 0 | AG46: =SUMIF(SND!K:K,Feuil1!P47,SND!F:F)+SUMIF(SND!N:N,Feuil1!P48,SND!F:F) -> 0 | AH46: =SUM(S46:AG46) -> 0
A47: IMPAYES | B47: 70IRY | C47: 70IRX | D47: 70IRV | E47: 70IRW | F47: 70IRU | G47: 70IRJ | H47: 70IRF | I47: 70IRA | J47: 70ISZ | K47: 70IRQ | L47: 70IRK | M47: 70IRH | N47: 70IRC | O47: 70IRD | P47: 70IRM | R47: TOTAL | S47: =SUM(S45:S46) -> 0 | T47: =SUM(T45:T46) -> 0 | U47: =SUM(U45:U46) -> 0 | V47: =SUM(V45:V46) -> 0 | W47: =SUM(W45:W46) -> 59.742 | X47: =SUM(X45:X46) -> 0 | Y47: =SUM(Y45:Y46) -> -0.6 | Z47: =SUM(Z45:Z46) -> -77.981 | ... AG47: =SUM(AG45:AG46) -> 344375.16 | AH47: =SUM(S47:AG47) -> 555145.96
B48: 70IXY | C48: 70IXX | D48: 70IXV | E48: 70IXW | F48: 70IXU | G48: 70ISJ | H48: 70ISF | I48: 70ISA | J48: 70IRZ | K48: 70ISQ | L48: 70ISK | M48: 70ISH | N48: 70ISC | O48: 70ISD | P48: 70ISM
R49: JENDOUBA | S49: <2013 | T49: 2013 | U49: 2014 | V49: 2015 | W49: 2016 | X49: 2017 | Y49: 2018 | Z49: 2019 | AA49: 2020 | AB49: 1 SEM 21 | AC49: 3 TRI 21 | AD49: 44470 | AE49: 44501 | AF49: 44531 | AG49: 44562 | AH49: TOTAL
A50: JENDOUBA | B50: <2013 | C50: 2013 | D50: 2014 | E50: 2015 | F50: 2016 | G50: 2017 | H50: 2018 | I50: 2019 | J50: 2020 | K50: 1 SEM 21 | L50: 3 TRI 21 | M50: 44470 | N50: 44501 | O50: 44531 | P50: 44562 | R50: REVENDEURS | S50: =SUMIF(SND!K:K,Feuil1!B51,SND!F:F) -> 0 | T50: =SUMIF(SND!K:K,Feuil1!C51,SND!F:F) -> -24.96 | U50: =SUMIF(SND!K:K,Feuil1!D51,SND!F:F) -> 0 | V50: =SUMIF(SND!K:K,Feuil1!E51,SND!F:F) -> 0 | W50: =SUMIF(SND!K:K,Feuil1!F51,SND!F:F) -> 0 | X50: =SUMIF(SND!K:K,Feuil1!G51,SND!F:F) -> 0 | Y50: =SUMIF(SND!K:K,Feuil1!H51,SND!F:F) -> 0 | Z50: =SUMIF(SND!K:K,Feuil1!I51,SND!F:F) -> -58.449 | ... AG50: =SUMIF(SND!K:K,Feuil1!P51,SND!F:F) -> 176522.19 | AH50: =SUM(S50:AG50) -> 224003.46
A51: REVENDEURS | B51: 80FRY | C51: 80FRX | D51: 80FRV | E51: 80FRW | F51: 80FRU | G51: 80FRJ | H51: 80FRF | I51: 80FRA | J51: 80FRZ | K51: 80FRQ | L51: 80FRK | M51: 80FRH | N51: 80FRC | O51: 80FRD | P51: 80FRM | R51: SOCIETES | S51: =SUMIF(SND!K:K,Feuil1!B52,SND!F:F) -> 0 | T51: =SUMIF(SND!K:K,Feuil1!C52,SND!F:F) -> 0 | U51: =SUMIF(SND!K:K,Feuil1!D52,SND!F:F) -> 0 | V51: =SUMIF(SND!K:K,Feuil1!E52,SND!F:F) -> 0 | W51: =SUMIF(SND!K:K,Feuil1!F52,SND!F:F) -> 0 | X51: =SUMIF(SND!K:K,Feuil1!G52,SND!F:F) -> 0 | Y51: =SUMIF(SND!K:K,Feuil1!H52,SND!F:F) -> 0 | Z51: =SUMIF(SND!K:K,Feuil1!I52,SND!F:F) -> 0 | ... AG51: =SUMIF(SND!K:K,Feuil1!P52,SND!F:F) -> 3738.455 | AH51: =SUM(S51:AG51) -> 21547.415
A52: SOCIETES | B52: 80FSY | C52: 80FSX | D52: 80FSV | E52: 80FSW | F52: 80FSU | G52: 80FSJ | H52: 80FSF | I52: 80FSA | J52: 80FSZ | K52: 80FSQ | L52: 80FSK | M52: 80FSH | N52: 80FSC | O52: 80FSD | P52: 80FSM | R52: ADMINISTRATIONS | S52: =SUMIF(SND!K:K,Feuil1!B53,SND!F:F) -> 0 | T52: =SUMIF(SND!K:K,Feuil1!C53,SND!F:F) -> 0 | U52: =SUMIF(SND!K:K,Feuil1!D53,SND!F:F) -> 0 | V52: =SUMIF(SND!K:K,Feuil1!E53,SND!F:F) -> 0 | W52: =SUMIF(SND!K:K,Feuil1!F53,SND!F:F) -> 0 | X52: =SUMIF(SND!K:K,Feuil1!G53,SND!F:F) -> 0 | Y52: =SUMIF(SND!K:K,Feuil1!H53,SND!F:F) -> 0 | Z52: =SUMIF(SND!K:K,Feuil1!I53,SND!F:F) -> 0 | ... AG52: =SUMIF(SND!K:K,Feuil1!P53,SND!F:F) -> 0 | AH52: =SUM(S52:AG52) -> 14541.8
A53: ADMINISTRATIONS | B53: 80FAY | C53: 80FAX | D53: 80FAV | E53: 80FAW | F53: 80FAU | G53: 80FAJ | H53: 80FAF | I53: 80FAA | J53: 80FAZ | K53: 80FAQ | L53: 80FAK | M53: 80FAH | N53: 80FAC | O53: 80FAD | P53: 80FAM | R53: PARTICULIERS | S53: =SUMIF(SND!K:K,Feuil1!B54,SND!F:F) -> 0 | T53: =SUMIF(SND!K:K,Feuil1!C54,SND!F:F) -> 0 | U53: =SUMIF(SND!K:K,Feuil1!D54,SND!F:F) -> 0 | V53: =SUMIF(SND!K:K,Feuil1!E54,SND!F:F) -> 0 | W53: =SUMIF(SND!K:K,Feuil1!F54,SND!F:F) -> 0 | X53: =SUMIF(SND!K:K,Feuil1!G54,SND!F:F) -> 0 | Y53: =SUMIF(SND!K:K,Feuil1!H54,SND!F:F) -> 0 | Z53: =SUMIF(SND!K:K,Feuil1!I54,SND!F:F) -> 0 | ... AG53: =SUMIF(SND!K:K,Feuil1!P54,SND!F:F) -> 208.767 | AH53: =SUM(S53:AG53) -> 208.767
A54: PARTICULIERS | B54: 80FXY | C54: 80FXX | D54: 80FXV | E54: 80FXW | F54: 80FXU | G54: 80FXJ | H54: 80FXF | I54: 80FXA | J54: 80FXZ | K54: 80FXQ | L54: 80FXK | M54: 80FXH | N54: 80FXC | O54: 80FXD | P54: 80FXM | R54: TOTAL CREANCES | S54: =SUM(S50:S53) -> 0 | T54: =SUM(T50:T53) -> -24.96 | U54: =SUM(U50:U53) -> 0 | V54: =SUM(V50:V53) -> 0 | W54: =SUM(W50:W53) -> 0 | X54: =SUM(X50:X53) -> 0 | Y54: =SUM(Y50:Y53) -> 0 | Z54: =SUM(Z50:Z53) -> -58.449 | ... AG54: =SUM(AG50:AG53) -> 180469.41 | AH54: =SUM(S54:AG54) -> 260301.45
A55: TOTAL CREANCES | B55: =SUM(B51:B54) -> 0 | C55: =SUM(C51:C54) -> 0 | D55: =SUM(D51:D54) -> 0 | E55: =SUM(E51:E54) -> 0 | F55: =SUM(F51:F54) -> 0 | G55: =SUM(G51:G54) -> 0 | H55: =SUM(H51:H54) -> 0 | I55: =SUM(I51:I54) -> 0 | ... P55: =SUM(P51:P54) -> 0 | R55: IMPAYES | S55: =SUMIF(SND!K:K,Feuil1!B56,SND!F:F) -> 0 | T55: =SUMIF(SND!K:K,Feuil1!C56,SND!F:F) -> 0 | U55: =SUMIF(SND!K:K,Feuil1!D56,SND!F:F) -> 0 | V55: =SUMIF(SND!K:K,Feuil1!E56,SND!F:F) -> 0 | W55: =SUMIF(SND!K:K,Feuil1!F56,SND!F:F) -> 0 | X55: =SUMIF(SND!K:K,Feuil1!G56,SND!F:F)+SUMIF(SND!K:K,Feuil1!G57,SND!F:F) -> 0 | Y55: =SUMIF(SND!K:K,Feuil1!H56,SND!F:F)+SUMIF(SND!K:K,Feuil1!H57,SND!F:F) -> 0 | Z55: =SUMIF(SND!K:K,Feuil1!I56,SND!F:F)+SUMIF(SND!K:K,Feuil1!I57,SND!F:F) -> 0 | AA55: =SUMIF(SND!K:K,Feuil1!J56,SND!F:F)+SUMIF(SND!K:K,Feuil1!J57,SND!F:F) -> 0 | AB55: =SUMIF(SND!K:K,Feuil1!K56,SND!F:F)+SUMIF(SND!K:K,Feuil1!K57,SND!F:F) -> 0 | AC55: =SUMIF(SND!K:K,Feuil1!L56,SND!F:F)+SUMIF(SND!K:K,Feuil1!L57,SND!F:F) -> 0 | AD55: =SUMIF(SND!K:K,Feuil1!M56,SND!F:F)+SUMIF(SND!L:L,Feuil1!M57,SND!F:F) -> 0 | AE55: =SUMIF(SND!K:K,Feuil1!N56,SND!F:F)+SUMIF(SND!L:L,Feuil1!N57,SND!F:F) -> 0 | AF55: =SUMIF(SND!K:K,Feuil1!O56,SND!F:F)+SUMIF(SND!M:M,Feuil1!O57,SND!F:F) -> 0 | AG55: =SUMIF(SND!K:K,Feuil1!P56,SND!F:F)+SUMIF(SND!N:N,Feuil1!P57,SND!F:F) -> 0 | AH55: =SUM(S55:AG55) -> 0
A56: IMPAYES | B56: 80IRY | C56: 80IRX | D56: 80IRV | E56: 80IRW | F56: 80IRU | G56: 80IRJ | H56: 80IRF | I56: 80IRA | J56: 80IRZ | K56: 80IRQ | L56: 80IRK | M56: 80IRH | N56: 80IRC | O56: 80IRD | P56: 80IRM | R56: TOTAL | S56: =SUM(S54:S55) -> 0 | T56: =SUM(T54:T55) -> -24.96 | U56: =SUM(U54:U55) -> 0 | V56: =SUM(V54:V55) -> 0 | W56: =SUM(W54:W55) -> 0 | X56: =SUM(X54:X55) -> 0 | Y56: =SUM(Y54:Y55) -> 0 | Z56: =SUM(Z54:Z55) -> -58.449 | ... AG56: =SUM(AG54:AG55) -> 180469.41 | AH56: =SUM(S56:AG56) -> 260301.45
B57: 80IXY | C57: 80IXX | D57: 80IXV | E57: 80IXW | F57: 80IXU | G57: 80ISJ | H57: 80ISF | I57: 80ISA | J57: 80ISZ | K57: 80ISQ | L57: 80ISK | M57: 80ISH | N57: 80ISC | O57: 80ISD | P57: 80ISM
R58: TOTAL AGENCES | S58: <2013 | T58: 2013 | U58: 2014 | V58: 2015 | W58: 2016 | X58: 2017 | Y58: 2018 | Z58: 2019 | AA58: 2020 | AB58: 1 SEM 21 | AC58: 3 TRI 21 | AD58: 44470 | AE58: 44501 | AF58: 44531 | AG58: 44562 | AH58: TOTAL
R59: REVENDEURS | S59: =S50+S40+S31+S22+S13+S3 -> 99.379 | T59: =T50+T40+T31+T22+T13+T3 -> -28.537 | U59: =U50+U40+U31+U22+U13+U3 -> -2.537 | V59: =V50+V40+V31+V22+V13+V3 -> 1243.779 | W59: =W50+W40+W31+W22+W13+W3 -> -196.385 | X59: =X50+X40+X31+X22+X13+X3 -> -11.534 | Y59: =Y50+Y40+Y31+Y22+Y13+Y3 -> -439.182 | Z59: =Z50+Z40+Z31+Z22+Z13+Z3 -> 10054.613 | ... AG59: =AG50+AG40+AG31+AG22+AG13+AG3 -> 2345727.4 | AH59: =SUM(S59:AG59) -> 3065210
R60: SOCIETES | S60: =S51+S41+S32+S23+S14+S4 -> 3157.169 | T60: =T51+T41+T32+T23+T14+T4 -> 610.404 | U60: =U51+U41+U32+U23+U14+U4 -> 343.624 | V60: =V51+V41+V32+V23+V14+V4 -> -58.625 | W60: =W51+W41+W32+W23+W14+W4 -> 166.295 | X60: =X51+X41+X32+X23+X14+X4 -> -12.627 | Y60: =Y51+Y41+Y32+Y23+Y14+Y4 -> 0 | Z60: =Z51+Z41+Z32+Z23+Z14+Z4 -> -655.948 | ... AG60: =AG51+AG41+AG32+AG23+AG14+AG4 -> 403098.66 | AH60: =SUM(S60:AG60) -> 1483414.2
R61: SOCIETES SNA | S61: =+S42 -> 0 | T61: =+T42 -> 0 | U61: =+U42 -> 0 | V61: =+V42 -> 0 | W61: =+W42 -> 61.5 | X61: =+X42 -> 0 | Y61: =+Y42 -> 0 | Z61: =+Z42 -> 0 | ... AG61: =+AG42 -> 0 | AH61: =SUM(S61:AG61) -> 57724.828
R62: ADMINISTRATIONS | S62: =S52+S43+S33+S24+S15+S5 -> 0 | T62: =T52+T43+T33+T24+T15+T5 -> 0 | U62: =U52+U43+U33+U24+U15+U5 -> 0 | V62: =V52+V43+V33+V24+V15+V5 -> 0 | W62: =W52+W43+W33+W24+W15+W5 -> 108.48 | X62: =X52+X43+X33+X24+X15+X5 -> 0 | Y62: =Y52+Y43+Y33+Y24+Y15+Y5 -> 0 | Z62: =Z52+Z43+Z33+Z24+Z15+Z5 -> 0 | ... AG62: =AG52+AG43+AG33+AG24+AG15+AG5 -> 570662.1 | AH62: =SUM(S62:AG62) -> 1257803
R63: PARTICULIERS | S63: =S53+S44+S34+S25+S16+S6 -> 435.827 | T63: =T53+T44+T34+T25+T16+T6 -> 0 | U63: =U53+U44+U34+U25+U16+U6 -> 4619.462 | V63: =V53+V44+V34+V25+V16+V6 -> -3433.568 | W63: =W53+W44+W34+W25+W16+W6 -> 0 | X63: =X53+X44+X34+X25+X16+X6 -> -64.664 | Y63: =Y53+Y44+Y34+Y25+Y16+Y6 -> 0 | Z63: =Z53+Z44+Z34+Z25+Z16+Z6 -> 0 | ... AG63: =AG53+AG44+AG34+AG25+AG16+AG6 -> 1785.508 | AH63: =SUM(S63:AG63) -> 3828.635
R64: TOTAL CREANCES | S64: =S54+S45+S35+S26+S17+S7 -> 3692.375 | T64: =T54+T45+T35+T26+T17+T7 -> 581.867 | U64: =U54+U45+U35+U26+U17+U7 -> 4960.549 | V64: =V54+V45+V35+V26+V17+V7 -> -2248.414 | W64: =W54+W45+W35+W26+W17+W7 -> 139.89 | X64: =X54+X45+X35+X26+X17+X7 -> -88.825 | Y64: =Y54+Y45+Y35+Y26+Y17+Y7 -> -439.182 | Z64: =Z54+Z45+Z35+Z26+Z17+Z7 -> 9398.665 | ... AG64: =AG54+AG45+AG35+AG26+AG17+AG7 -> 3321273.7 | AH64: =SUM(S64:AG64) -> 5867980.6
R65: IMPAYES | S65: =S55+S46+S36+S27+S18+S8 -> 1190.625 | T65: =T55+T46+T36+T27+T18+T8 -> 0 | U65: =U55+U46+U36+U27+U18+U8 -> 180.046 | V65: =V55+V46+V36+V27+V18+V8 -> 1524.38 | W65: =W55+W46+W36+W27+W18+W8 -> 0 | X65: =X55+X46+X36+X27+X18+X8 -> 0 | Y65: =Y55+Y46+Y36+Y27+Y18+Y8 -> 0 | Z65: =Z55+Z46+Z36+Z27+Z18+Z8 -> 0 | ... AG65: =AG55+AG46+AG36+AG27+AG18+AG8 -> 58828.315 | AH65: =SUM(S65:AG65) -> 163968.7
R66: TOTAL | S66: =SUM(S64:S65) -> 4883 | T66: =SUM(T64:T65) -> 581.867 | U66: =SUM(U64:U65) -> 5140.595 | V66: =SUM(V64:V65) -> -724.034 | W66: =SUM(W64:W65) -> 139.89 | X66: =SUM(X64:X65) -> -88.825 | Y66: =SUM(Y64:Y65) -> -439.182 | Z66: =SUM(Z64:Z65) -> 9398.665 | ... AG66: =SUM(AG64:AG65) -> 3380102 | AH66: =SUM(S66:AG66) -> 6031949.3
R68: OBJECTIF RECOUVREMENT
R69: REVENDEURS | S69: 1 | T69: 1 | U69: 1 | V69: 1 | W69: 1 | X69: 1 | Y69: 1 | Z69: 1 | AA69: 1 | AB69: 1 | AC69: 1 | AD69: 1 | AE69: 1 | AF69: 1 | AG69: 1
R70: SOCIETES | S70: 1 | T70: 1 | U70: 1 | V70: 1 | W70: 1 | X70: 1 | Y70: 1 | Z70: 1 | AA70: 1 | AB70: 1 | AC70: 1 | AD70: 1 | AE70: 1 | AF70: 1 | AG70: 1
R71: SOCIETES SNA | S71: 1 | T71: 1 | U71: 1 | V71: 1 | W71: 1 | X71: 1 | Y71: 1 | Z71: 1 | AA71: 1 | AB71: 1 | AC71: 1 | AD71: 1 | AE71: 1 | AF71: 1 | AG71: 1
R72: ADMINISTRATIONS | S72: 1 | T72: 1 | U72: 1 | V72: 1 | W72: 1 | X72: 1 | Y72: 1 | Z72: 1 | AA72: 1 | AB72: 1 | AC72: 1 | AD72: 1 | AE72: 1 | AF72: 1 | AG72: 1
R73: PARTICULIERS | S73: 1 | T73: 1 | U73: 1 | V73: 1 | W73: 1 | X73: 1 | Y73: 1 | Z73: 1 | AA73: 1 | AB73: 1 | AC73: 1 | AD73: 1 | AE73: 1 | AF73: 1 | AG73: 1
R74: TOTAL CREANCES
R75: IMPAYES | S75: 1 | T75: 1 | U75: 1 | V75: 1 | W75: 1 | X75: 1 | Y75: 1 | Z75: 1 | AA75: 1 | AB75: 1 | AC75: 1 | AD75: 1 | AE75: 1 | AF75: 1 | AG75: 1
R76: TOTAL
R78: REVENDEURS | S78: =+S59*S69 -> 99.379 | T78: =+T59*T69 -> -28.537 | U78: =+U59*U69 -> -2.537 | V78: =+V59*V69 -> 1243.779 | W78: =+W59*W69 -> -196.385 | X78: =+X59*X69 -> -11.534 | Y78: =+Y59*Y69 -> -439.182 | Z78: =+Z59*Z69 -> 10054.613 | ... AG78: =+AG59*AG69 -> 2345727.4 | AH78: =SUM(S78:AG78) -> 3065210
R79: SOCIETES | S79: =+S60*S70 -> 3157.169 | T79: =+T60*T70 -> 610.404 | U79: =+U60*U70 -> 343.624 | V79: =+V60*V70 -> -58.625 | W79: =+W60*W70 -> 166.295 | X79: =+X60*X70 -> -12.627 | Y79: =+Y60*Y70 -> 0 | Z79: =+Z60*Z70 -> -655.948 | ... AG79: =+AG60*AG70 -> 403098.66 | AH79: =SUM(S79:AG79) -> 1483414.2
R80: SOCIETES SNA | S80: =+S61*S71 -> 0 | T80: =+T61*T71 -> 0 | U80: =+U61*U71 -> 0 | V80: =+V61*V71 -> 0 | W80: =+W61*W71 -> 61.5 | X80: =+X61*X71 -> 0 | Y80: =+Y61*Y71 -> 0 | Z80: =+Z61*Z71 -> 0 | ... AG80: =+AG61*AG71 -> 0 | AH80: =SUM(S80:AG80) -> 57724.828
R81: ADMINISTRATIONS | S81: =+S62*S72 -> 0 | T81: =+T62*T72 -> 0 | U81: =+U62*U72 -> 0 | V81: =+V62*V72 -> 0 | W81: =+W62*W72 -> 108.48 | X81: =+X62*X72 -> 0 | Y81: =+Y62*Y72 -> 0 | Z81: =+Z62*Z72 -> 0 | ... AG81: =+AG62*AG72 -> 570662.1 | AH81: =SUM(S81:AG81) -> 1257803
R82: PARTICULIERS | S82: =+S63*S73 -> 435.827 | T82: =+T63*T73 -> 0 | U82: =+U63*U73 -> 4619.462 | V82: =+V63*V73 -> -3433.568 | W82: =+W63*W73 -> 0 | X82: =+X63*X73 -> -64.664 | Y82: =+Y63*Y73 -> 0 | Z82: =+Z63*Z73 -> 0 | ... AG82: =+AG63*AG73 -> 1785.508 | AH82: =SUM(S82:AG82) -> 3828.635
R83: TOTAL CREANCES | S83: =SUM(S78:S82) -> 3692.375 | T83: =SUM(T78:T82) -> 581.867 | U83: =SUM(U78:U82) -> 4960.549 | V83: =SUM(V78:V82) -> -2248.414 | W83: =SUM(W78:W82) -> 139.89 | X83: =SUM(X78:X82) -> -88.825 | Y83: =SUM(Y78:Y82) -> -439.182 | Z83: =SUM(Z78:Z82) -> 9398.665 | ... AG83: =SUM(AG78:AG82) -> 3321273.7 | AH83: =SUM(S83:AG83) -> 5867980.6
R84: IMPAYES | S84: =+S65*S75 -> 1190.625 | T84: =+T65*T75 -> 0 | U84: =+U65*U75 -> 180.046 | V84: =+V65*V75 -> 1524.38 | W84: =+W65*W75 -> 0 | X84: =+X65*X75 -> 0 | Y84: =+Y65*Y75 -> 0 | Z84: =+Z65*Z75 -> 0 | ... AG84: =+AG65*AG75 -> 58828.315 | AH84: =SUM(S84:AG84) -> 163968.7
R85: TOTAL | S85: =S84+S83 -> 4883 | T85: =T84+T83 -> 581.867 | U85: =U84+U83 -> 5140.595 | V85: =V84+V83 -> -724.034 | W85: =W84+W83 -> 139.89 | X85: =X84+X83 -> -88.825 | Y85: =Y84+Y83 -> -439.182 | Z85: =Z84+Z83 -> 9398.665 | ... AG85: =AG84+AG83 -> 3380102 | AH85: =SUM(S85:AG85) -> 6031949.3

Sheet CLIENTS
A1: CODE | B1: CLIENT | C1: MP/ECH | D1: MP | E1: ECH/ J
A2: 1R01577 | B2: MONIA BEN MAAFI | C2: CH000 | D2: CH | E2: 000
A3: 1S02185 | B3: SOCIETE TUNISIE TRAVAUX | C3: CH000 | D3: CH | E3: 000
A4: 4S120005 | B4: TUNISIE TELECOM DIST-SOUSSE | C4: CH000 | D4: CH | E4: 000
A5: 4X03000 | B5: CLIENT PASSAGER - SOUSSE | C5: CH000 | D5: CH | E5: 000
A6: 7X03000 | B6: CLIENT PASSAGER EN SUSP.TVA | C6: CH000 | D6: CH | E6: 000
A7: 8X02000 | B7: CLIENT PASSAGER - JENDOUBA | C7: CH000 | D7: CH | E7: 000
A8: 1A01008 | B8: MIN AGR.-C.R.D.A DE ZAGHOUAN | C8: CH000 | D8: CH | E8: 000
A9: 1a01016 | B9: MIN.EQUIPEMENT D.REG.ARIANA | C9: CH000 | D9: CH | E9: 000
A10: 1A02003 | B10: MIN EQUIP.-SER.ENT. ROUT. TN | C10: CH000 | D10: CH | E10: 000
A11: 1A02005 | B11: MIN EQUIP.&HABIT-S.EXPL. RT. | C11: CH000 | D11: CH | E11: 000
A12: 1A02006 | B12: MIN EQUIP.&HABIT-S.ENT.ROUT. | C12: CH000 | D12: CH | E12: 000
... A2584: 4S01067 | B2584: S.T.A.M | C2584: VR090 | D2584: VR | E2584: 090
